Workbook

Sheet Overview
B2: Kion Jumpstart: CIS-AWS-V7
B3: Kion offers several policy templates and compliance checks out of the box that support CIS-AWS-V7. These jumpstart resources, which we provide for our customers, will require customization to help meet the CIS-AWS-V7 controls. You can customize the jumpstart resources directly within the Kion platform and/or the AWS Management Console or the Microsoft Azure Portal. Customizing the jumpstart resources is essential because each organization has a unique security posture and specific policy requirements that they must satisfy. In many cases, your organization will need other processes, procedures, or documentation in addition to the jumpstart resources to fully satisfy the control requirements. This spreadsheet is a complete control matrix that shows which jumpstart resources help address each applicable control family in CIS-AWS-V7. Additional documentation on the jumpstart resources is located within the Kion Support Center. The jumpstart resources are designed for the Azure and AWS commercial environments. Although many of these resources can be utilized in the government environments. It is important to note that Azure Government and AWS GovCloud both provide services and features that you can use to build cloud solutions to meet your regulated and controlled data needs. Microsoft and Amazon both maintain FedRAMP High P-ATOs issued by the FedRAMP Joint Authorization Board (JAB). An organization may leverage the AWS GovCloud or Azure Government FedRAMP High P-ATO as the foundation for any program or initiative that requires an ATO from a federal government agency.
B4: Disclaimer: This is an EXAMPLE and should be used as a starting point for your organization's effort to achieve CIS-AWS-V7 compliance. This is not meant to replace or be a substitute for your organization's security process. The resources provided in this jumpstart package and the example responses are only intended to serve as a starting point towards achieving CIS-AWS-V7 compliance. You are responsible for installing the referenced artifacts into your instance of Kion, configuring them as needed, and applying them to your organizational structure. You are also responsible for ensuring that the responses you submit for each control are accurate and complete. Documentation for responses have been derived from various Amazon and Microsoft resources including the Azure Commercial FedRAMP System Security Plan and AWS Customer Responsibility guides. Do not assume that the responses provided here can be used as-is.
B6: Column | C6: Value | E6: Definition
B7: Supported By | C7: Jumpstart Assets | F7: A Jumpstart asset exists to provide coverage or support towards the associated control.
C8: Kion Platform | F8: By nature of using the Kion platform, and following associated best practices, the associated control is in some part satisifed.
C9: CSP Platform | F9: By nature of operating in the associated CSP platform, coverage or support of the associated control is inherited through the shared responsibility model.
C10: Audit Asset | F10: A Jumpstart resource exists that performs auditing functionality towards the associated control.
C11: Enforcement Asset | F11: A Jumpstart resource exists that provides tooling or enforces the configuration required for support of the associated control.
C12: Addressable | F12: The associated control can be addressed by a Kion Jumpstart resource or proper usage of the Kion platform.
C13: Supported | F13: The associated control has been addressed by a Jumpstart resource or by the Kion platform.
B14: Control | C14: Control | E14: The CIS Amazon Web Services Foundations Benchmark provides prescriptive guidance for establishing a secure baseline configuration for Amazon Web Services. Recommendations are developed through CIS consensus and are assigned a Profile level: Level 1 recommendations are practical and prudent baseline security measures, while Level 2 recommendations are intended for environments requiring greater security at the cost of some functionality.
B16: Profile Applicability | C16: Profile Applicability | E16: Profile Applicability indicates whether a recommendation belongs to the Level 1 baseline profile or the more restrictive Level 2 profile.
B18: Jumpstart Resources | C18: [RESOURCE] | E18: This column is used to notate which resources in the jumpstart package apply to which controls. If the column is empty, it means that the jumpstart package does not include any resources that address that control. Azure jumpstart resources that require the specific parameters provided by the organization are listed in red.
K19: AWS | L19: AZURE | M19: GCP
B20: Addressable Coverage: Based upon the recommendations outlined by each control for core AWS and Azure configurations, Kion application settings, and the proper application of these cloud rules, control coverage for CIS-AWS-V7 is as follows. | K20: =IF(SUM('Coverage Statistics'!E9,'Coverage Statistics'!E18,) = 0, 0, SUM('Coverage Statistics'!E11,'Coverage Statistics'!E20,)/SUM('Coverage Statistics'!E9,'Coverage Statistics'!E18,)) | L20: =IF(SUM('Coverage Statistics'!O9,'Coverage Statistics'!O18,) = 0, 0, SUM('Coverage Statistics'!O11,'Coverage Statistics'!O20,)/SUM('Coverage Statistics'!O9,'Coverage Statistics'!O18,)) | M20: =IF(SUM('Coverage Statistics'!Y9,'Coverage Statistics'!Y18,) = 0, 0, SUM('Coverage Statistics'!Y11,'Coverage Statistics'!Y20,)/SUM('Coverage Statistics'!Y9,'Coverage Statistics'!Y18,))

Sheet Coverage Statistics
B2: AWS Coverage Breakdown | L2: Azure Coverage Breakdown | V2: GCP Coverage Breakdown
B4: Total controls in Level 2 | E4: =(COUNTA('Level 2'!C:C)-1) | L4: Total controls in Level 2 | O4: =(COUNTA('Level 2'!C:C)-1) | V4: Total controls in Level 2 | Y4: =(COUNTA('Level 2'!C:C)-1)
B5: Kion platform Coverage | E5: =(COUNTA('Level 2'!H:H)-1) | G5: =E5/E4 | H5: Controls covered by the Kion platform. | L5: Kion platform Coverage | O5: =(COUNTA('Level 2'!Q:Q)-1) | Q5: =O5/O4 | R5: Controls covered by the Kion platform. | V5: Kion platform Coverage | Y5: =(COUNTA('Level 2'!Z:Z)-1) | AA5: =Y5/Y4 | AB5: Controls covered by the Kion platform.
B6: Jumpstart Resources Coverage | E6: =(COUNTA('Level 2'!G:G)-2) | G6: =E6/E4 | H6: Controls covered by resources provided here. | L6: Jumpstart Resources Coverage | O6: =(COUNTA('Level 2'!P:P)-2) | Q6: =O6/O4 | R6: Controls covered by resources provided here. | V6: Jumpstart Resources Coverage | Y6: =(COUNTA('Level 2'!Y:Y)-2) | AA6: =Y6/Y4 | AB6: Controls covered by resources provided here.
B7: Compliance Check | E7: =(COUNTA('Level 2'!J:J)-1) | G7: =E7/E4 | H7: Controls supported by compliance checks. | L7: Compliance Check | O7: =(COUNTA('Level 2'!S:S)-1) | Q7: =O7/O4 | R7: Controls supported by compliance checks. | V7: Compliance Check | Y7: =(COUNTA('Level 2'!AB:AB)-1) | AA7: =Y7/Y4 | AB7: Controls supported by compliance checks.
B8: AWS platform coverage | E8: =(COUNTA('Level 2'!I:I)-1) | G8: =E8/E4 | H8: Controls covered by the AWS cloud environment. | L8: Azure platform coverage | O8: =(COUNTA('Level 2'!R:R)-1) | Q8: =O8/O4 | R8: Controls covered by the Azure cloud environment. | V8: GCP platform coverage | Y8: =(COUNTA('Level 2'!AA:AA)-1) | AA8: =Y8/Y4 | AB8: Controls covered by the GCP cloud environment.
B9: Addressable Controls | E9: =(COUNTA('Level 2'!L:L)-1) | G9: =E9/E4 | H9: Controls that can be addressed by Kion or AWS. | L9: Addressable Controls | O9: =(COUNTA('Level 2'!U:U)-1) | Q9: =O9/O4 | R9: Controls that can be addressed by Kion or Azure. | V9: Addressable Controls | Y9: =(COUNTA('Level 2'!AD:AD)-1) | AA9: =Y9/Y4 | AB9: Controls that can be addressed by Kion or GCP.
B10: Total Program Coverage | E10: =(COUNTA('Level 2'!M:M)-1) | G10: =E10/E4 | H10: Level 2 total coverage. | L10: Total Program Coverage | O10: =(COUNTA('Level 2'!V:V)-1) | Q10: =O10/O4 | R10: Level 2 total coverage. | V10: Total Program Coverage | Y10: =(COUNTA('Level 2'!AE:AE)-1) | AA10: =Y10/Y4 | AB10: Level 2 total coverage.
B11: Addressable Coverage | E11: =(COUNTA('Level 2'!M:M)-1) | G11: =IF(E11 = 0, 0, E11/E9) | H11: Level 2 Addressable coverage. | L11: Addressable Coverage | O11: =(COUNTA('Level 2'!V:V)-1) | Q11: =IF(O11 = 0, 0, O11/O9) | R11: Level 2 Addressable coverage. | V11: Addressable Coverage | Y11: =(COUNTA('Level 2'!AE:AE)-1) | AA11: =IF(Y11 = 0, 0, Y11/Y9) | AB11: Level 2 Addressable coverage.
B13: Total controls in Level 1 | E13: =(COUNTA('Level 1'!C:C)-1) | L13: Total controls in Level 1 | O13: =(COUNTA('Level 1'!C:C)-1) | V13: Total controls in Level 1 | Y13: =(COUNTA('Level 1'!C:C)-1)
B14: Kion platform Coverage | E14: =(COUNTA('Level 1'!H:H)-1) | G14: =E14/E13 | H14: Controls covered by the Kion platform. | L14: Kion platform Coverage | O14: =(COUNTA('Level 1'!Q:Q)-1) | Q14: =O14/O13 | R14: Controls covered by the Kion platform. | V14: Kion platform Coverage | Y14: =(COUNTA('Level 1'!Z:Z)-1) | AA14: =Y14/Y13 | AB14: Controls covered by the Kion platform.
B15: Jumpstart Resources Coverage | E15: =(COUNTA('Level 1'!G:G)-2) | G15: =E15/E13 | H15: Controls covered by resources provided here. | L15: Jumpstart Resources Coverage | O15: =(COUNTA('Level 1'!P:P)-2) | Q15: =O15/O13 | R15: Controls covered by resources provided here. | V15: Jumpstart Resources Coverage | Y15: =(COUNTA('Level 1'!Y:Y)-2) | AA15: =Y15/Y13 | AB15: Controls covered by resources provided here.
B16: Compliance Check | E16: =(COUNTA('Level 1'!J:J)-1) | G16: =E16/E13 | H16: Controls supported by compliance checks. | L16: Compliance Check | O16: =(COUNTA('Level 1'!S:S)-1) | Q16: =O16/O13 | R16: Controls supported by compliance checks. | V16: Compliance Check | Y16: =(COUNTA('Level 1'!AB:AB)-1) | AA16: =Y16/Y13 | AB16: Controls supported by compliance checks.
B17: AWS platform coverage | E17: =(COUNTA('Level 1'!I:I)-1) | G17: =E17/E13 | H17: Controls covered by the AWS cloud environment. | L17: Azure platform coverage | O17: =(COUNTA('Level 1'!R:R)-1) | Q17: =O17/O13 | R17: Controls covered by the Azure cloud environment. | V17: GCP platform coverage | Y17: =(COUNTA('Level 1'!AA:AA)-1) | AA17: =Y17/Y13 | AB17: Controls covered by the GCP cloud environment.
B18: Addressable Controls | E18: =(COUNTA('Level 1'!L:L)-1) | G18: =E18/E13 | H18: Controls that can be addressed by Kion or AWS. | L18: Addressable Controls | O18: =(COUNTA('Level 1'!U:U)-1) | Q18: =O18/O13 | R18: Controls that can be addressed by Kion or Azure. | V18: Addressable Controls | Y18: =(COUNTA('Level 1'!AD:AD)-1) | AA18: =Y18/Y13 | AB18: Controls that can be addressed by Kion or GCP.
B19: Total Program Coverage | E19: =(COUNTA('Level 1'!M:M)-1) | G19: =E19/E13 | H19: Level 1 total coverage. | L19: Total Program Coverage | O19: =(COUNTA('Level 1'!V:V)-1) | Q19: =O19/O13 | R19: Level 1 total coverage. | V19: Total Program Coverage | Y19: =(COUNTA('Level 1'!AE:AE)-1) | AA19: =Y19/Y13 | AB19: Level 1 total coverage.
B20: Addressable Coverage | E20: =(COUNTA('Level 1'!M:M)-1) | G20: =IF(E20 = 0, 0, E20/E18) | H20: Level 1 Addressable coverage. | L20: Addressable Coverage | O20: =(COUNTA('Level 1'!V:V)-1) | Q20: =IF(O20 = 0, 0, O20/O18) | R20: Level 1 Addressable coverage. | V20: Addressable Coverage | Y20: =(COUNTA('Level 1'!AE:AE)-1) | AA20: =IF(Y20 = 0, 0, Y20/Y18) | AB20: Level 1 Addressable coverage.

Sheet Level 2
A1: Family | B1: Title | C1: Control | D1: Severity | E1: Description | F1: Jumpstart Resources | G1: Amazon Web Services | P1: Microsoft Azure | Y1: Google Cloud
G2: Jumpstart Assets | H2: Kion Platform | I2: CSP Platform | J2: Audit Asset | K2: Enforcement Asset | L2: Addressable | M2: Supported | N2: Example Response | O2: Recommendations | P2: Jumpstart Assets | Q2: Kion Platform | R2: CSP Platform | S2: Audit Asset | T2: Enforcement Asset | U2: Addressable | V2: Supported | W2: Example Response | X2: Recommendations | Y2: Jumpstart Assets | Z2: Kion Platform | AA2: CSP Platform | AB2: Audit Asset | AC2: Enforcement Asset | AD2: Addressable | AE2: Supported | AF2: Example Response | AG2: Recommendations
A3: IDENTITY AND ACCESS MANAGEMENT | B3: Ensure centralized root access in AWS Organizations | C3: 2.1.1 | D3: Level 2 | E3: Ensure centralized root access management is enabled to manage and secure root user credentials for member accounts in AWS Organizations. This allows the management account and an optional delegated administrator account to centrally delete, prevent recovery of, and if necessary, perform short-lived, scoped root-required actions in member accounts without maintaining long-term root user credentials in each account. Rationale: The AWS account root user is a powerful, default administrative identity that is difficult to manage safely across many accounts. When each member account manages its own root credentials, organizations often end up with numerous long-lived root passwords, access keys, and MFA devices that are hard to inventory, rotate, and protect. Centralized root access management lets security teams remove or avoid creating root user credentials in member accounts, centrally review and manage any remaining root credentials, and perform necessary root-only tasks via short-term, task-scoped root sessions. This significantly reduces privileged credential sprawl, supports least privilege and dedicated administrator models, and improves visibility and auditability of root-level activity across the organization. Impact: Enabling centralized root access management changes how root user access is obtained and used in member accounts, but it does not automatically remove existing root credentials. Organizations must plan when and how to delete or disable any existing root passwords, access keys, signing certificates, and MFA devices in member accounts and update any workflows that still rely on direct root sign-in. Security and operations teams will need to use centrally initiated, short-lived root sessions for exceptional tasks that truly require root. This may require procedural changes and additional training, but it significantly reduces long-lived privileged credential sprawl across the organization. | O3: 1. Sign in to the AWS Management Console with the management account. 2. In the console search bar, type Organizations and open AWS Organizations. - On the Overview page, confirm that an Organization exists and that this account is listed as the Management account. 3. In AWS Organizations, choose Services. Locate AWS Identity and Access Management in the list and, if it is not already enabled, choose Enable trusted access and confirm. - This allows IAM to integrate with AWS Organizations to manage root access centrally. 4. In the console search bar, type IAM and open IAM. In the left navigation pane, choose Root access management. If you see Root access management is disabled, choose Enable. - In the enable dialog, confirm that you want to - "Root credentials management" and if desired - "Privileged root actions in member accounts" - In the Delegated administrator field, enter the account ID of the account that will manage root user access and take privileged actions on member accounts. AWS recommends using an account intended for security or management purposes, not a general workload account. - When you enable centralized root access in the console, IAM also enables trusted access for IAM in AWS Organizations if it isn't already enabled. - Choose Enable to save the configuration.
A4: IDENTITY AND ACCESS MANAGEMENT | B4: Ensure authorization guardrails for all AWS Organization accounts | C4: 2.1.2 | D4: Level 2 | E4: Ensure that one or more baseline authorization policies such as Service Control Policies (SCPs) and/or Resource Control Policies (RCPs) are attached to all member accounts in AWS Organizations in accordance with organizational security requirements. Authorization policies act as preventive permission guardrails: SCPs define the maximum available permissions for IAM principals within accounts, while RCPs define the maximum available permissions for resources within accounts. These policies can enforce security invariants such as preventing disabling of key security services, restricting use of unapproved AWS Regions, or blocking external access to sensitive resources. Rationale: Authorization policies do not grant permissions but instead set organization-wide limits on what actions principals can perform (SCPs) and what access can be granted to resources (RCPs), regardless of local IAM or resource-based policies. Without baseline guardrail authorization policies, each account can grant excessive or inconsistent permissions that disable logging, weaken security services, allow use of unapproved Regions and services, or permit unintended external access to resources. Attaching standard authorization policies to all member accounts enforces preventive, centralized control over high-risk actions and access patterns, supports least-privilege and role-based access control at scale, and helps ensure that all accounts and resources operate within the organization's defined security baseline. Impact: Enforcing baseline authorization policies for all member accounts can initially block some existing patterns, such as use of unapproved Regions, disabling security services, or granting broader permissions than the guardrails allow. Teams may need to adjust IAM policies, deployment pipelines, and exception processes so legitimate use cases remain possible within the new guardrails. This can introduce short-term operational overhead and require careful testing, especially when attaching new policies at the root or OU level. | O4: Design or confirm baseline guardrail SCPs. 1. From the AWS Organizations console, go to Policies -> Service control policies. - If you already have standard guardrail SCPs that implement your security baseline, note their names. - If you do not have such policies, choose Create policy and create at least one baseline guardrail SCP that encodes non-negotiable security requirements. 2. Do the same step as above but for RCPs if needed. From the AWS Organizations console, go to Policies -> Resource control policies. 3. Attach guardrail authorization policies to the root and/or OUs. In AWS Organizations, choose AWS accounts, then select the Root of the organization. - Go to the Policies tab, then within section for Service control policies, choose Attach, and select the baseline guardrail SCP(s) you identified or created in step 1. - If using RCPs, then within section for Resource control policies, choose Attach, and select the baseline guardrail RCP(s) you identified or created in step 2. - If your design uses different guardrails per OU (for example, stricter policies for production OU), select each OU in turn and attach the appropriate guardrail SCPs and RCPs to those OUs. - AWS recommends testing authorization policies in a staging OU before attaching them broadly to the root to avoid unintended service disruption.
A5: IDENTITY AND ACCESS MANAGEMENT | B5: Ensure Organizations management account is not used for workloads | C5: 2.1.3 | D5: Level 2 | E5: Ensure that the AWS Organizations management account is used only for organizational governance tasks and does not host production workloads, applications, or business data. The management account is the most privileged account in an AWS Organization and performs sensitive administrative functions such as creating and managing member accounts, applying service control policies (SCPs), and managing consolidated billing. Workloads, applications, and associated data should be deployed in dedicated member accounts, not in the management account. Rationale: The management account has unique privileges that cannot be restricted by SCPs, making it the highest-risk account in an organization. Deploying workloads or storing business data in the management account increases the attack surface and blast radius of a compromise. If a workload vulnerability or misconfiguration occurs in the management account, it could grant attackers access to organization-wide administrative capabilities. Impact: Restricting the management account to governance-only use may require creating new member accounts, redesigning existing account boundaries, and migrating workloads and data out of the management account. This can introduce short-term complexity and operational overhead. However, it reduces the blast radius of a compromise, simplifies security controls in the most privileged account, and aligns the environment with AWS multi-account and workload-isolation best practices. | O5: 1. Inventory all workload resources currently in the management account (compute, storage, databases, application services). 2. For each class of workload resource (for example, production, non-production, shared services), create or confirm dedicated member accounts within the organization and place them into the appropriate OUs. 3. For each workload resource, design a migration plan to the appropriate member account. - Execute the migrations in phases, starting with lower-risk environments (for example, development/test) before production. 4. Review and adjust IAM roles and permissions in the management account so that only personnel responsible for organization governance and security have access 5. Update architecture diagrams, runbooks, and onboarding processes to state that new workloads must be deployed only into designated workload accounts, not the management account.
A6: IDENTITY AND ACCESS MANAGEMENT | B6: Ensure Organizational Units are structured by environment and sensitivity | C6: 2.1.4 | D6: Level 2 | E6: Ensure that AWS Organizations Organizational Units (OUs) are structured primarily by environment (for example, production, non-production, sandbox) and sensitivity (for example, security, logging, shared services, regulated workloads), rather than mirroring the corporate org chart. OUs should group accounts that share similar security requirements and controls so that appropriate authorization policies and other guardrails can be applied consistently at the OU level. Rationale: A clear OU structure based on environment and sensitivity makes it easier to apply consistent guardrails and centralized security controls to accounts that have similar risk profiles and compliance needs. Poorly defined or ad-hoc OU structures complicate policy management, increase the chance of misapplied controls, and can lead to mixing workloads with different data sensitivities under the same set of controls. Impact: Restructuring OUs by environment and sensitivity can require moving accounts, changing inherited policies, and updating automation that assumes existing OU paths. This may introduce short-term operational overhead, including policy revalidation, testing of workloads under new guardrails, and coordination with application and platform teams to avoid unintended service disruption. | O6: 1. Work with security, platform, and application teams to agree on a small set of top-level OUs such as: - Security / Management - Shared Services / Infrastructure - Prod - Non-Prod (dev, test, staging) - You may also define dedicated OUs for highly regulated workloads. 2. In the AWS Organizations console (management account), navigate to AWS Accounts. Under the root, create the agreed top-level OUs. If needed, create child OUs under these. 3. Export or list all existing accounts and their current OUs. Create a simple mapping from each account to its target OU based on environment and sensitivity. 4. In the AWS Organizations console (management account), navigate to AWS Accounts. Move accounts into the new environment/sensitivity-based OUs according to your mapping. - Start with low-risk accounts (for example, sandbox and non-production) to validate effects of inherited policies and guardrails before moving production and high-sensitivity accounts. 5. After accounts have been moved, remove old OUs that no longer reflect the target structure. - Ensure no active accounts remain directly under the root unless explicitly justified and documented. 6. Update architecture docs, onboarding runbooks, and account request processes to require new accounts to be created in the correct OU based on environment and sensitivity.
A7: IDENTITY AND ACCESS MANAGEMENT | B7: Ensure delegated admin manages AWS Organizations policies | C7: 2.1.5 | D7: Level 2 | E7: Ensure that a dedicated member account is configured as a delegated administrator for AWS Organizations to manage organization policies (SCPs, RCPs, tag policies, backup policies, AI opt-out policies) and other Organizations features, instead of performing these tasks directly from the management account. The delegated administrator for AWS Organizations is configured via a resource-based delegation policy in the management account, which grants specific member accounts limited permissions to perform Organizations policy and account management actions across the organization. This allows policy management, OU operations, and other governance tasks to be handled from purpose-built accounts without requiring broad access to the management account. Rationale: The management account has unique and high privileges to manage AWS Organizations (for example, creating/deleting accounts, managing org structures) and is not subject to guardrails like SCPs. Without a delegated administrator for Organizations, all policy management, OU changes, and account governance must be performed directly from the management account. This results in concentrating operational activity in the most powerful account. Configuring a dedicated member account as a delegated administrator for Organizations policy management distributes these tasks to a purpose-built AWS account that can be protected by SCPs and other controls, reduces the number of users and roles that need management-account access, and supports separation of duties while maintaining centralized control over organization-wide features. Impact: Configuring a delegated administrator for AWS Organizations requires creating or identifying a dedicated member account for policy management and granting it specific permissions via a resource-based delegation policy. Existing workflows, automation, and user access patterns that currently perform Organizations policy tasks directly from the management account must be updated to use the delegated account instead. This introduces short-term operational overhead and testing to ensure policy creation, attachment, and management continue to function correctly from the new account. | O7: 1. Identify a dedicated member account for governance/policy management (for example, create a new "Policy Management" account or use an existing Security account) 2. You must be in the management account with permissions to manage Organizations resource policies. Navigate to AWS Organizations console, then click on Settings and browse to "Delegated administrator for AWS Organizations" section. 3. If no policy exists, click on Delegate. If a policy exists, choose Edit policy. - In the policy editor, paste or construct a delegation policy statement mentioning the Principal as the AWS account Root which is being delegated access to, and the Actions with the list of least-privileged permissions that could be performed by the delegated AWS account. - Save and validate the delegation policy. 4. Sign in to the delegated administrator account and open the AWS Organizations console. - Confirm that policy management (Policies, Attach/Detach, etc.) is accessible and that users/roles in this account can perform Organizations tasks without management-account access. 5. Grant IAM roles/users in the delegated admin account only the permissions needed for Organizations policy management. 6. Update procedures so that routine Organizations policy tasks are performed from the delegated account, reserving the management account for tasks that only it can perform
A8: IDENTITY AND ACCESS MANAGEMENT | B8: Ensure delegated admins manage AWS Organizations-integrated services | C8: 2.1.6 | D8: Level 2 | E8: Ensure that AWS services (such as AWS CloudTrail) which integrate with AWS Organizations and support delegated administration are managed through delegated administrator member accounts instead of directly from the Organizations management account. For each such service, the management account should enable trusted access and register a purpose-built member account as the delegated administrator, so that this account can perform service-level administration across all organization accounts. Rationale: The management account has unique and high privileges to manage AWS Organizations (for example, creating/deleting accounts, managing org structures) and is not subject to guardrails like SCPs. Without delegated administrators, organization-wide security, logging, and management services must be operated directly from the management account, concentrating operational activity and credentials in the most privileged account in the organization. Registering member accounts as delegated administrators for AWS services distributes service-specific administration to dedicated security, logging, or operations accounts that can be restricted by SCPs, monitored like other workload accounts, and aligned with team responsibilities, while reducing day-to-day use of the management account. Impact: Configuring a delegated administrator for AWS Services that integrate with AWS Organizations requires creating or identifying a dedicated member account for policy management and granting it specific permissions. Existing workflows, automation, and user access patterns that currently perform tasks directly from the management account must be updated to use the delegated account instead. This introduces short-term operational overhead and testing to ensure policy creation, attachment, and management continue to function correctly from the new account. | O8: Note: This remediation section uses AWS CloudTrail as a concrete example. You must perform similar procedure for all other AWS services that integrate with AWS Organizations and support delegated administration that are in use in your environment. 1. In the management account, verify that trusted access for CloudTrail is enabled in AWS Organizations (AWS Organizations -> Services). 2. In the management account CloudTrail console, choose Settings in the left navigation pane. Scroll to Organization delegated administrators. 3. Click on "Register administrator" - Enter the account ID of the designated Logging or Security account. - Click on Register administrator. CloudTrail will automatically create the necessary service-linked roles and register the account. 4. In the delegated administrator account, open the CloudTrail console and confirm that the organization trail is visible and administrative actions are accessible. 5. Update operational runbooks so that routine CloudTrail administration is performed from the delegated admin account, not the management account.
A9: IDENTITY AND ACCESS MANAGEMENT | B9: Ensure IAM instance roles are used for AWS resource access from instances | C9: 2.16 | D9: Level 2 | E9: AWS access from within EC2 instances can be achieved either by embedding AWS access keys into applications or by assigning an IAM role to the instance with the appropriate permissions. "AWS access" refers to making API calls to AWS services to access or manage resources. Rationale: IAM roles reduce the risks associated with storing, sharing, and rotating long-term credentials. Compromised credentials can be used outside of AWS, whereas IAM role credentials are temporary and tied to the instance. Additionally, credentials embedded in applications or configuration files are more difficult to rotate and are more likely to be exposed over time, increasing the risk of unauthorized access. Impact: Using embedded credentials instead of IAM roles increases the risk of credential exposure and unauthorized access, particularly if credentials are not rotated or are improperly stored. | F9: AWS AWS Compliance Checks: - cis-aws-v7-ec2-instance-without-instance-profile | G9: ✓ | J9: ✓ | L9: ✓ | M9: ✓ | N9: A Kion Cloud Rule identifies EC2 instances without an instance profile. The Kion platform itself uses an IAM instance role for access to AWS resources. | O9: From Console: 1. Sign in to the AWS Management Console and navigate to the EC2 dashboard at https://console.aws.amazon.com/ec2/ 2. In the left navigation panel, choose Instances 3. Select the EC2 instance you want to modify 4. Click Actions 5. Click Security 6. Click Modify IAM role 7. Select an existing IAM role or create a new one 8. Click Update IAM role 9. Repeat for all applicable instances From Command Line: 1. Identify instances without roles (all regions): for r in $(aws ec2 describe-regions --query "Regions[].RegionName" --output text); do aws ec2 describe-instances --region "$r" --query "Reservations[].Instances[?IamInstanceProfile==null].[InstanceId, '$r']" -- output text done 2. Attach an instance profile: aws ec2 associate-iam-instance-profile --region <region-name> --instance-id <Instance-ID> --iam-instance-profile Name="Instance-Profile-Name" 3. Verify the role is attached: aws ec2 describe-instances --region <region-name> --instance-id <Instance-ID> --query 'Reservations[*].Instances[*].IamInstanceProfile' 4. Repeat steps 2 and 3 for each EC2 instance in your AWS account that requires an IAM role to be attached.
A10: IDENTITY AND ACCESS MANAGEMENT | B10: Ensure IAM users are managed centrally via identity federation or AWS Organizations for multi-account environments | C10: 2.19 | D10: Level 2 | E10: In multi-account environments, IAM user centralization facilitates greater user control. User access beyond the initial account is provided through role assumption. Centralization of users can be accomplished through federation with an external identity provider or through the use of AWS Organizations. AWS IAM Identity Center (formerly AWS SSO) is the recommended approach for centralized user management in AWS Organizations. Rationale: Centralizing IAM user management to a single identity store reduces complexity and the likelihood of access management errors. Using AWS IAM Identity Center further simplifies access management and reduces reliance on legacy per-account federation configurations. Impact: Managing IAM users independently across multiple accounts increases the risk of inconsistent access controls, orphaned accounts, and excessive permissions. | O10: The remediation procedure will vary based on the organization's implementation of identity federation and or AWS Organizations. Ensure the following: 1. IAM users are centrally managed through a single identity provider 2. Local IAM users are removed from member accounts, except for service accounts where required 3. Access to accounts is granted through role assumption 4. Where possible, migrate to AWS IAM Identity Center for centralized access management 5. Avoid legacy per-account federation configurations
A11: IDENTITY AND ACCESS MANAGEMENT | B11: Ensure hardware MFA is enabled for the 'root' user account | C11: 2.6 | D11: Level 2 | E11: The 'root' user account is the most privileged user in an AWS account. MFA adds an extra layer of protection on top of a username and password. With MFA enabled, when a user signs in to an AWS website, they are prompted for their username and password as well as an authentication code from their MFA device. For Level 2, it is recommended that the 'root' user account be protected with a hardware MFA device. Where an AWS Organization is using centralized root access, root credentials can be removed from member accounts. In that case, it is neither possible nor necessary to configure root MFA in the member account. Rationale: A hardware MFA device has a smaller attack surface than a virtual MFA. For example, a hardware MFA device does not inherit the risks associated with mobile devices on which virtual MFA applications reside. Note: Using hardware MFA for numerous AWS accounts may create logistical device management challenges. In such cases, consider applying this Level 2 recommendation selectively to the highest-security AWS accounts, while applying the Level 1 recommendation to others. Impact: Without hardware MFA, root account protection may be more susceptible to compromise compared to hardware-based authentication, increasing the risk of unauthorized access. | O11: Perform the following to configure hardware MFA for the 'root' user account: From Console: 1. Sign in to the AWS Management Console using the root account 2. Click on <root_account> at the top right and select Security Credentials from the drop-down list 3. Under Multi-Factor Authentication (MFA), locate the root user 4. If a virtual MFA device is already assigned, remove it before proceeding 5. Click Assign MFA device (or Manage MFA, depending on UI version) 6. Select Security key or hardware MFA device 7. Enter the required device details (e.g., serial number or follow prompts for security key) 8. Enter authentication codes if required 9. Click Assign MFA
A12: STORAGE | B12: Ensure S3 Bucket Policy is set to deny HTTP requests | C12: 3.1.1 | D12: Level 2 | E12: At the Amazon S3 bucket level, permissions can be configured through a bucket policy to ensure objects are accessible only through HTTPS. Rationale: By default, Amazon S3 allows both HTTP and HTTPS requests. To ensure that access to S3 objects is only permitted through HTTPS, you must explicitly deny HTTP requests. Bucket policies that allow HTTPS requests without explicitly denying HTTP requests do not meet this requirement. Impact: If HTTP access is not explicitly denied, data transmitted to and from S3 buckets may be exposed to interception or man-in-the-middle attacks. | F12: AWS AWS Compliance Checks: - cis-aws-v7-s3-bucket-without-deny-HTTP | G12: ✓ | J12: ✓ | L12: ✓ | M12: ✓ | N12: A Kion Cloud Rule identifies S3 buckets that do not deny HTTP requests. | O12: From Console: 1. Sign in to the AWS Management Console and open the Amazon S3 console 2. Select the bucket 3. Select the Permissions tab 4. Select Bucket policy 5. Add one of the following statements to the policy Deny HTTP requests: { "Sid": <optional>, "Effect": "Deny", "Principal": "*", "Action": "s3:*", "Resource": "arn:aws:s3:::<bucket_name>/*", "Condition": { "Bool": { "aws:SecureTransport": "false" } } } Enforce TLS version: { "Sid": "<optional>", "Effect": "Deny", "Principal": "*", "Action": "s3:*", "Resource": [ "arn:aws:s3:::<bucket_name>", "arn:aws:s3:::<bucket_name>/*" ], "Condition": { "NumericLessThan": { "s3:TlsVersion": "1.2" } } } 6. Save the policy 7. Repeat for all relevant buckets From Console Using AWS Policy Generator: 1. Repeat steps 1-4 above 2. Click on Policy Generator at the bottom of the Bucket Policy editor 3. Select S3 Bucket Policy as the policy type 4. Configure the statement: - Effect = Deny - Principal = * - AWS Service = Amazon S3 - Actions = * - Amazon Resource Name = <ARN of the S3 Bucket> 5. Select Generate Policy 6. Copy the generated policy and add it to the bucket policy From Command Line: 1. Export the existing policy, if one exists: aws s3api get-bucket-policy --bucket <bucket_name> --query Policy --output text > policy.json If the bucket does not already have a policy, create a new policy.json file containing a valid bucket policy document. 2. Modify policy.json to include one of the following deny statements within the Statement array. Option 1: Deny HTTP requests { "Sid": <optional>, "Effect": "Deny", "Principal": "*", "Action": "s3:*", "Resource": "arn:aws:s3:::<bucket_name>/*", "Condition": { "Bool": { "aws:SecureTransport": "false" } } } Option 2: Enforce minimum TLS version { "Sid": "<optional>", "Effect": "Deny", "Principal": "*", "Action": "s3:*", "Resource": [ "arn:aws:s3:::<bucket_name>", "arn:aws:s3:::<bucket_name>/*" ], "Condition": { "NumericLessThan": { "s3:TlsVersion": "1.2" } } } 3. Apply the modified policy back to the S3 bucket: aws s3api put-bucket-policy --bucket <bucket_name> --policy file://policy.json
A13: STORAGE | B13: Ensure MFA Delete is enabled on S3 buckets | C13: 3.1.2 | D13: Level 2 | E13: Once MFA Delete is enabled on your sensitive and classified S3 bucket, it requires the user to provide two forms of authentication. Rationale: Adding MFA delete to an S3 bucket requires additional authentication when you change the version state of your bucket or delete an object version, adding another layer of security in the event your security credentials are compromised or unauthorized access is granted. Impact: Enabling MFA delete on an S3 bucket could require additional administrator oversight. Enabling MFA delete may impact other services that automate the creation and/or deletion of S3 buckets. | F13: AWS AWS Compliance Checks: - cis-aws-v7-s3-bucket-without-MFA-delete-enabled | G13: ✓ | J13: ✓ | L13: ✓ | M13: ✓ | N13: A Kion Cloud Rule identifies S3 buckets that have versioning enabled and do not enforce MFA Delete. | O13: Perform the steps below to enable MFA delete on an S3 bucket: Note: - You cannot enable MFA Delete using the AWS Management Console; you must use the AWS CLI or API. - You must use your 'root' account to enable MFA Delete on S3 buckets. From Command line: 1. Run the s3api put-bucket-versioning command: aws s3api put-bucket-versioning \ --bucket my-bucket \ --versioning-configuration Status=Enabled,MFADelete=Enabled \ --mfa "arn:aws:iam::<account-id>:mfa/root-account-mfa-device <MFA-code>"
A14: STORAGE | B14: Ensure all data in Amazon S3 has been discovered, classified, and secured when necessary | C14: 3.1.3 | D14: Level 2 | E14: Amazon S3 buckets can contain sensitive data that, for security purposes, should be discovered, monitored, classified, and protected. Macie, along with other third-party tools, can automatically provide an inventory of Amazon S3 buckets. Rationale: Using a cloud service or third-party software to continuously monitor and automate the process of data discovery and classification for S3 buckets through machine learning and pattern matching is a strong defense in protecting that information. Amazon Macie is a fully managed data security and privacy service that uses machine learning and pattern matching to discover and protect your sensitive data in AWS. Impact: There is a cost associated with using Amazon Macie, and there is typically a cost associated with third-party tools that perform similar processes and provide protection. | F14: AWS AWS Compliance Checks: - cis-aws-v7-s3-bucket-with-non-compliant-tags | G14: ✓ | J14: ✓ | L14: ✓ | M14: ✓ | N14: A Kion Cloud Rule ensures S3 buckets are tagged with a data classification. Appropriate protections are applied pursuant to the organization's data protection policy. | O14: Perform the steps below to enable and configure Amazon Macie: From Console: 1. Log on to the Macie console at https://console.aws.amazon.com/macie/. 2. Click Get started. 3. Click Enable Macie. Set up a repository for sensitive data discovery results: 1. In the left pane, under Settings, click Discovery results. 2. Make sure Create bucket is selected. 3. Create a bucket and enter a name for it. The name must be unique across all S3 buckets, and it must start with a lowercase letter or a number. 4. Click Advanced. 5. For block all public access, make sure Yes is selected. 6. For KMS encryption, specify the AWS KMS key that you want to use to encrypt the results. The key must be a symmetric customer master key (CMK) that is in the same region as the S3 bucket. 7. Click Save. Create a job to discover sensitive data: 1. In the left pane, click S3 buckets. Macie displays a list of all the S3 buckets for your account. 2. Check the box for each bucket that you want Macie to analyze as part of the job. 3. Click Create job. 4. Click Quick create. 5. For the Name and Description step, enter a name and, optionally, a description of the job. 6. Click Next. 7. For the Review and create step, click Submit. Review your findings: 1. In the left pane, click Findings. 2. To view the details of a specific finding, choose any field other than the check box for the finding. If you are using a third-party tool to manage and protect your S3 data, follow the vendor documentation for implementing and configuring that tool.
A15: LOGGING | B15: Ensure CloudTrail log file validation is enabled | C15: 4.2 | D15: Level 2 | E15: CloudTrail log file validation creates a digitally signed digest file containing a hash of each log that CloudTrail writes to S3. These digest files can be used to determine whether a log file was changed, deleted, or remained unchanged after CloudTrail delivered the log. It is recommended that file validation be enabled for all CloudTrails. Rationale: Enabling log file validation will provide additional integrity checks for CloudTrail logs. | F15: AWS AWS Cloudformation Templates: - CIS-AWS-v7-OrgWideCloudTrail - CIS-AWS-v7-EventAuditingCentralBusAndNotifications - CIS-AWS-v7-EventAuditingRules AWS Compliance Checks: - cis-aws-v7-cloudtrail-without-log-file-validation AWS IAM Policies: - CIS-AWS-v7-DenyCloudtrailChanges | G15: ✓ | J15: ✓ | K15: ✓ | L15: ✓ | M15: ✓ | N15: The Kion Cloud Rule that deploys the organization-wide CloudTrail enables log file validation and identifies trails without it. An IAM policy denies CloudTrail changes. | O15: Perform the following to enable log file validation on a given trail: From Console: 1. Sign in to the AWS Management Console and open the IAM console at https://console.aws.amazon.com/cloudtrail. 2. Click on Trails in the left navigation pane. 3. Click on the target trail. 4. Within the General details section, click edit. 5. Under Advanced settings, check the enable box under Log file validation. 6. Click Save changes. From Command Line: Enable log file validation on a trail: aws cloudtrail update-trail --name <trail_name> --enable-log-file-validation Note that periodic validation of logs using these digests can be carried out by running the following command: aws cloudtrail validate-logs --trail-arn <trail_arn> --start-time <start_time> --end-time <end_time>
A16: LOGGING | B16: Ensure AWS Config is enabled in all regions | C16: 4.3 | D16: Level 2 | E16: AWS Config is a web service that performs configuration management of supported AWS resources within your account and delivers log files to you. The recorded information includes the configuration items (AWS resources), relationships between configuration items (AWS resources), and any configuration changes between resources. It is recommended that AWS Config be enabled in all regions. In environments using AWS Control Tower or Landing Zone Accelerator (LZA), AWS Config may be centrally managed and automatically enabled across regions. Rationale: The AWS configuration item history captured by AWS Config enables security analysis, resource change tracking, and compliance auditing. Impact: Enabling AWS Config in all regions provides comprehensive visibility into resource configurations, enhancing security and compliance monitoring. However, this may incur additional costs and require proper configuration management. | F16: AWS AWS Compliance Checks: - cis-aws-v7-account-with-config-disabled AWS IAM Policies: - CIS-AWS-v7-DenyConfigChange | G16: ✓ | J16: ✓ | K16: ✓ | L16: ✓ | M16: ✓ | N16: A Kion Cloud Rule identifies accounts with AWS Config disabled and includes an IAM policy that denies altering the Config setup. | O16: To implement AWS Config configuration: From Console: 1. Select the region you want to focus on in the top right of the console. 2. Click Services. 3. Click Config. 4. If a Config Recorder is enabled in this region, navigate to the Settings page from the navigation menu on the left-hand side. If a Config Recorder is not yet enabled in this region, select "Get Started". 5. Select "Record all resources supported in this region". 6. Choose to include global resources (IAM resources). 7. Specify an S3 bucket in the same account or in another managed AWS account. 8. Create an SNS Topic from the same AWS account or another managed AWS account. Note: In AWS Control Tower or Landing Zone Accelerator (LZA) environments, AWS Config setup and recording may be deployed and managed automatically. Configuration changes should be performed through the centralized governance framework rather than directly in individual accounts. From Command Line: 1. Ensure there is an appropriate S3 bucket, SNS topic, and IAM role per the AWS Config Service prerequisites. 2. Run this command to create a new configuration recorder: aws configservice put-configuration-recorder --configuration-recorder name=<config-recorder-name>,roleARN=arn:aws:iam::<account-id>:role/<iam-role> --recording-group allSupported=true,includeGlobalResourceTypes=true 3. Create a delivery channel configuration file locally which specifies the channel attributes, populated from the prerequisites set up previously: { "name": "<delivery-channel-name>", "s3BucketName": "<bucket-name>", "snsTopicARN": "arn:aws:sns:<region>:<account-id>:<sns-topic>", "configSnapshotDeliveryProperties": { "deliveryFrequency": "Twelve_Hours" } } 4. Run this command to create a new delivery channel, referencing the json configuration file made in the previous step: aws configservice put-delivery-channel --delivery-channel file://<delivery- channel-file>.json 5. Start the configuration recorder by running the following command: aws configservice start-configuration-recorder --configuration-recorder-name <config-recorder-name>
A17: LOGGING | B17: Ensure CloudTrail logs are encrypted at rest using KMS CMKs | C17: 4.5 | D17: Level 2 | E17: AWS CloudTrail is a web service that records AWS API calls for an account and makes those logs available to users and resources in accordance with IAM policies. AWS Key Management Service (KMS) is a managed service that helps create and control the encryption keys used to encrypt account data, and uses Hardware Security Modules (HSMs) to protect the security of encryption keys. CloudTrail logs can be configured to leverage server side encryption (SSE) and KMS customer-created master keys (CMK) to further protect CloudTrail logs. It is recommended that CloudTrail be configured to use SSE-KMS. Rationale: Configuring CloudTrail to use SSE-KMS provides additional confidentiality controls on log data, as a given user must have S3 read permission on the corresponding log bucket and must be granted decrypt permission by the CMK policy. Impact: Customer-created keys incur an additional cost. See https://aws.amazon.com/kms/pricing/ for more information. | F17: AWS AWS Cloudformation Templates: - CIS-AWS-v7-OrgWideCloudTrail - CIS-AWS-v7-EventAuditingCentralBusAndNotifications - CIS-AWS-v7-EventAuditingRules AWS Compliance Checks: - cis-aws-v7-cloudtrail-logs-not-encrypted-at-rest AWS IAM Policies: - CIS-AWS-v7-DenyCloudtrailChanges | G17: ✓ | J17: ✓ | K17: ✓ | L17: ✓ | M17: ✓ | N17: The Kion Cloud Rule that deploys the organization-wide CloudTrail encrypts logs at rest using KMS CMKs and identifies trails without it. An IAM policy denies CloudTrail changes. | O17: Perform the following to configure CloudTrail to use SSE-KMS: From Console: 1. Sign in to the AWS Management Console and open the CloudTrail console at https://console.aws.amazon.com/cloudtrail. 2. In the left navigation pane, choose Trails. 3. Click on a trail. 4. Under the S3 section, click the edit button (pencil icon). 5. Click Advanced. 6. Select an existing CMK from the KMS key Id drop-down menu. - Note: Ensure the CMK is located in the same region as the S3 bucket. - Note: You will need to apply a KMS key policy on the selected CMK in order for CloudTrail, as a service, to encrypt and decrypt log files using the CMK provided. View the AWS documentation for editing the selected CMK Key policy. 7. Click Save. 8. You will see a notification message stating that you need to have decryption permissions on the specified KMS key to decrypt log files. 9. Click Yes. From Command Line: Run the following command to specify a KMS key ID to use with a trail: aws cloudtrail update-trail --name <trail-name> --kms-key-id <cloudtrail- kms-key> Run the following command to attach a key policy to a specified KMS key: aws kms put-key-policy --key-id <cloudtrail-kms-key> --policy <cloudtrail- kms-key-policy>
A18: LOGGING | B18: Ensure rotation for customer-created symmetric CMKs is enabled | C18: 4.6 | D18: Level 2 | E18: AWS Key Management Service (KMS) allows customers to rotate the backing key, which is key material stored within the KMS that is tied to the key ID of the customer- created customer master key (CMK). The backing key is used to perform cryptographic operations such as encryption and decryption. Automated key rotation currently retains all prior backing keys so that decryption of encrypted data can occur transparently. It is recommended that CMK key rotation be enabled for symmetric keys. Key rotation cannot be enabled for any asymmetric CMK. Rationale: Rotating encryption keys helps reduce the potential impact of a compromised key, as data encrypted with a new key cannot be accessed with a previous key that may have been exposed. Keys should be rotated every year or upon an event that could result in the compromise of that key. Impact: Creation, management, and storage of CMKs may require additional time from an administrator. | F18: AWS AWS Cloudformation Templates: - CIS-AWS-v7-EnsureRotationForCustomerCreatedCMKsIsEnabled AWS Compliance Checks: - cis-aws-v7-kms-key-with-rotation-disabled | G18: ✓ | J18: ✓ | K18: ✓ | L18: ✓ | M18: ✓ | N18: A Kion Cloud Rule enables rotation for customer-created symmetric CMKs created without it and identifies keys with rotation disabled. | O18: From Console: 1. Sign in to the AWS Management Console and open the KMS console at: https://console.aws.amazon.com/kms. 2. In the left navigation pane, click Customer-managed keys. 3. Select a key with Key spec = SYMMETRIC_DEFAULT that does not have automatic rotation enabled. 4. Select the Key rotation tab. 5. Check the Automatically rotate this KMS key every year box. 6. Click Save. 7. Repeat steps 3-6 for all customer-managed CMKs that do not have automatic rotation enabled. From Command Line: 1. Run the following command to enable key rotation: aws kms enable-key-rotation --key-id <kms-key-id>
A19: LOGGING | B19: Ensure VPC flow logging is enabled in all VPCs | C19: 4.7 | D19: Level 2 | E19: VPC Flow Logs is a feature that enables you to capture information about the IP traffic going to and from network interfaces in your VPC. After you've created a flow log, you can view and retrieve its data in Amazon CloudWatch Logs. It is recommended that VPC Flow Logs be enabled for packet "Rejects" for VPCs. Rationale: VPC Flow Logs provide visibility into network traffic that traverses the VPC and can be used to detect anomalous traffic or gain insights during security workflows. Impact: By default, CloudWatch Logs will store logs indefinitely unless a specific retention period is defined for the log group. When choosing the number of days to retain, keep in mind that the average time it takes for an organization to realize they have been breached is 210 days (at the time of this writing). Since additional time is required to research a breach, a minimum retention policy of 365 days allows for detection and investigation. You may also wish to archive the logs to a cheaper storage service rather than simply deleting them. See the following AWS resource to manage CloudWatch Logs retention periods: 1. https://docs.aws.amazon.com/AmazonCloudWatch/latest/DeveloperGuide/Settin gLogRetention.html | F19: AWS AWS Cloudformation Templates: - CIS-AWS-v7-EnableVPCFlowLogs AWS Compliance Checks: - cis-aws-v7-vpc-without-flow-logging-enabled | G19: ✓ | J19: ✓ | K19: ✓ | L19: ✓ | M19: ✓ | N19: A Kion Cloud Rule configures VPC flow logging in VPCs that do not have it enabled and identifies non-compliant VPCs. | O19: Perform the following to enable VPC Flow Logs: From Console: 1. Sign into the management console. 2. Select Services, then select VPC. 3. In the left navigation pane, select Your VPCs. 4. Select a VPC. 5. In the right pane, select the Flow Logs tab. 6. If no Flow Log exists, click Create Flow Log. 7. For Filter, select Reject. 8. Enter a Role and Destination Log Group. 9. Click Create Log Flow. 10. Click on CloudWatch Logs Group. Note: Setting the filter to "Reject" will dramatically reduce the accumulation of logging data for this recommendation and provide sufficient information for the purposes of breach detection, research, and remediation. However, during periods of least privilege security group engineering, setting the filter to "All" can be very helpful in discovering existing traffic flows required for the proper operation of an already running environment. From Command Line: 1. Create a policy document, name it role_policy_document.json, and paste the following content: { "Version": "2012-10-17", "Statement": [ { "Sid": "test", "Effect": "Allow", "Principal": { "Service": "vpc-flow-logs.amazonaws.com" }, "Action": "sts:AssumeRole" } ] } 2. Create another policy document, name it iam_policy.json, and paste the following content: { "Version": "2012-10-17", "Statement": [ { "Effect": "Allow", "Action":[ "logs:CreateLogGroup", "logs:CreateLogStream", "logs:DescribeLogGroups", "logs:DescribeLogStreams", "logs:PutLogEvents", "logs:GetLogEvents", "logs:FilterLogEvents" ], "Resource": "*" } ] } 3. Run the following command to create an IAM role: aws iam create-role --role-name <aws-support-iam-role> --assume-role-policy- document file://<file-path>role_policy_document.json 4. Run the following command to create an IAM policy: aws iam create-policy --policy-name <iam-policy-name> --policy-document file://<file-path>iam-policy.json 5. Run the attach-group-policy command, using the IAM policy ARN returned from the previous step to attach the policy to the IAM role: aws iam attach-group-policy --policy-arn arn:aws:iam::<aws-account- id>:policy/<iam-policy-name> --group-name <group-name> - If the command succeeds, no output is returned. 6. Run the describe-vpcs command to get a list of VPCs in the selected region: aws ec2 describe-vpcs --region <region> - The command output should return a list of VPCs in the selected region. 7. Run the create-flow-logs command to create a flow log for a VPC: aws ec2 create-flow-logs --resource-type VPC --resource-ids <vpc-id> -- traffic-type REJECT --log-group-name <log-group-name> --deliver-logs- permission-arn <iam-role-arn> 8. Repeat step 7 for other VPCs in the selected region. 9. Change the region by updating --region, and repeat the remediation procedure for each region.
A20: LOGGING | B20: Ensure that object-level logging for write events is enabled for S3 buckets | C20: 4.8 | D20: Level 2 | E20: S3 object-level API operations, such as GetObject, DeleteObject, and PutObject, are referred to as data events. By default, CloudTrail trails do not log data events, so it is recommended to enable object-level logging for S3 buckets. Rationale: Enabling object-level logging will help you meet data compliance requirements within your organization, perform comprehensive security analyses, monitor specific patterns of user behavior in your AWS account, or take immediate actions on any object-level API activity within your S3 buckets using Amazon CloudWatch Events. Impact: Enabling logging for these object-level events may significantly increase the number of events logged and may incur additional costs. | F20: AWS AWS Compliance Checks: - cis-aws-v7-s3-bucket-with-object-logging | G20: ✓ | J20: ✓ | L20: ✓ | M20: ✓ | N20: A Kion Cloud Rule identifies S3 buckets that do not have object-level logging enabled for write events. | O20: From Console: 1. Login to the AWS Management Console and navigate to the S3 dashboard at https://console.aws.amazon.com/s3/. 2. In the left navigation panel, click buckets, and then click the name of the S3 bucket you want to examine. 3. Click the Properties tab to see the bucket configuration in detail. 4. In the AWS CloudTrail data events section, select the trail name for recording activity. You can choose an existing trail or create a new one by clicking the Configure in CloudTrail button or navigating to the CloudTrail console. 5. Once the trail is selected, select the Data Events check box. 6. Select S3 from the Data event type drop-down. 7. Select Log all events from the Log selector template drop-down. 8. Repeat steps 2-7 to enable object-level logging of write events for other S3 buckets. From Command Line: 1. To enable object-level data events logging for S3 buckets within your AWS account, run the put-event-selectors command using the name of the trail that you want to reconfigure as identifier: aws cloudtrail put-event-selectors --region <region-name> --trail-name <trail-name> --event-selectors '[{ "ReadWriteType": "WriteOnly", "IncludeManagementEvents":true, "DataResources": [{ "Type": "AWS::S3::Object", "Values": ["arn:aws:s3:::<s3-bucket-name>/"] }] }]' 2. The command output will be object-level event trail configuration. 3. If you want to enable it for all buckets at once, change the Values parameter to ["arn:aws:s3"] in the previous command. 4. Repeat step 1 for each s3 bucket to update object-level logging of write events. 5. Change the AWS region by updating the --region command parameter, and perform the process for the other regions.
A21: LOGGING | B21: Ensure that object-level logging for read events is enabled for S3 buckets | C21: 4.9 | D21: Level 2 | E21: S3 object-level API operations, such as GetObject, DeleteObject, and PutObject, are referred to as data events. By default, CloudTrail trails do not log data events, so it is recommended to enable object-level logging for S3 buckets. Rationale: Enabling object-level logging will help you meet data compliance requirements within your organization, perform comprehensive security analyses, monitor specific patterns of user behavior in your AWS account, or take immediate actions on any object-level API activity within your S3 buckets using Amazon CloudWatch Events. Impact: Enabling logging for these object-level events may significantly increase the number of events logged and may incur additional costs. | F21: AWS AWS Compliance Checks: - cis-aws-v7-s3-bucket-with-object-logging | G21: ✓ | J21: ✓ | L21: ✓ | M21: ✓ | N21: A Kion Cloud Rule identifies S3 buckets that do not have object-level logging enabled for read events. | O21: From Console: 1. Login to the AWS Management Console and navigate to S3 dashboard at https://console.aws.amazon.com/s3/. 2. In the left navigation panel, click buckets and then click the name of the S3 bucket that you want to examine. 3. Click the Properties tab to see the bucket configuration in detail. 4. In the AWS Cloud Trail data events section, select the trail name for recording activity. You can choose an existing trail or create a new one by clicking the Configure in CloudTrail button or navigating to the CloudTrail console. 5. Once the trail is selected, select the Data Events check box. 6. Select S3 from the Data event type drop-down. 7. Select Log all events from the Log selector template drop-down. 8. Repeat steps 2-7 to enable object-level logging of read events for other S3 buckets. From Command Line: 1. To enable object-level data events logging for S3 buckets within your AWS account, run the put-event-selectors command using the name of the trail that you want to reconfigure as identifier: aws cloudtrail put-event-selectors --region <region-name> --trail-name <trail-name> --event-selectors '[{ "ReadWriteType": "ReadOnly", "IncludeManagementEvents":true, "DataResources": [{ "Type": "AWS::S3::Object", "Values": ["arn:aws:s3:::<s3-bucket-name>/"] }] }]' 2. The command output will be object-level event trail configuration. 3. If you want to enable it for all buckets at once, change the Values parameter to ["arn:aws:s3"] in the previous command. 4. Repeat step 1 for each s3 bucket to update object-level logging of read events. 5. Change the AWS region by updating the --region command parameter, and perform the process for the other regions.
A22: MONITORING | B22: Ensure unauthorized API calls are monitored | C22: 5.1 | D22: Level 2 | E22: Real-time monitoring of API calls can be achieved by directing CloudTrail Logs to CloudWatch Logs or an external Security Information and Event Management (SIEM) environment, and establishing corresponding metric filters and alarms. It is recommended that a metric filter and alarm be established for unauthorized API calls. Rationale: CloudWatch is an AWS native service that allows you to observe and monitor resources and applications. CloudTrail logs can also be sent to an external Security Information and Event Management (SIEM) environment for monitoring and alerting. Monitoring unauthorized API calls will help reduce the time it takes to detect malicious activity and can alert you to potential security incidents. Impact: This alert may be triggered by normal read-only console activities that attempt to opportunistically gather optional information but gracefully fail if they lack the necessary permissions. If an excessive number of alerts are generated, then an organization may wish to consider adding read access to the limited IAM user permissions solely to reduce the number of alerts. In some cases, doing this may allow users to actually view some areas of the system; any additional access granted should be reviewed for alignment with the original limited IAM user intent. | F22: AWS AWS Cloudformation Templates: - CIS-AWS-v7-OrgWideCloudTrail - CIS-AWS-v7-EventAuditingCentralBusAndNotifications - CIS-AWS-v7-EventAuditingRules | G22: ✓ | K22: ✓ | L22: ✓ | M22: ✓ | N22: A Kion Cloud Rule creates an event rule and alarm that sends an SNS notification for unauthorized API calls. | O22: If you are using CloudTrail trails and CloudWatch, perform the following steps to set up the metric filter, alarm, SNS topic, and subscription: 1. Create a metric filter based on the provided filter pattern that checks for unauthorized API calls and uses the <trail-log-group-name> taken from audit step 1: aws logs put-metric-filter --log-group-name <trail-log-group-name> -- filter-name <unauthorized-api-calls-metric> --metric-transformations metricName=unauthorized_api_calls_metric,metricNamespace=CISBenchmark,m etricValue=1 --filter-pattern "{ ($.errorCode ="*UnauthorizedOperation") || ($.errorCode ="AccessDenied*") && ($.sourceIPAddress!="delivery.logs.amazonaws.com") && ($.eventName!="HeadBucket") }" Note: You can choose your own metricName and metricNamespace strings. Using the same metricNamespace for all Foundations Benchmark metrics will group them together. 2. Create an SNS topic that the alarm will notify: aws sns create-topic --name <sns-topic-name> Note: You can execute this command once and then reuse the same topic for all monitoring alarms. Note: Capture the TopicArn that is displayed when creating the SNS topic in step 2. 3. Create an SNS subscription for the topic created in step 2: aws sns subscribe --topic-arn <sns-topic-arn> --protocol <sns-protocol> --notification-endpoint <sns-subscription-endpoints> Note: You can execute this command once and then reuse the same subscription for all monitoring alarms. 4. Create an alarm that is associated with the CloudWatch Logs metric filter created in step 1 and the SNS topic created in step 2: aws cloudwatch put-metric-alarm --alarm-name "unauthorized_api_calls_alarm" --metric-name "unauthorized_api_calls_metric" --statistic Sum --period 300 -- threshold 1 --comparison-operator GreaterThanOrEqualToThreshold -- evaluation-periods 1 --namespace "CISBenchmark" --alarm-actions <sns- topic-arn>
A23: MONITORING | B23: Ensure security group changes are monitored | C23: 5.10 | D23: Level 2 | E23: Real-time monitoring of API calls can be achieved by directing CloudTrail Logs to CloudWatch Logs or an external Security Information and Event Management (SIEM) environment, and establishing corresponding metric filters and alarms. Security groups are stateful packet filters that control ingress and egress traffic within a VPC. It is recommended that a metric filter and alarm be established to detect changes to security groups. Rationale: CloudWatch is an AWS native service that allows you to observe and monitor resources and applications. CloudTrail logs can also be sent to an external Security Information and Event Management (SIEM) environment for monitoring and alerting. Monitoring changes to security groups will help ensure that resources and services are not unintentionally exposed. Impact: This may require additional 'tuning' to eliminate false positives and filter out expected activity so that anomalies are easier to detect. | F23: AWS AWS Cloudformation Templates: - CIS-AWS-v7-OrgWideCloudTrail - CIS-AWS-v7-EventAuditingCentralBusAndNotifications - CIS-AWS-v7-EventAuditingRules | G23: ✓ | K23: ✓ | L23: ✓ | M23: ✓ | N23: A Kion Cloud Rule creates an event rule and alarm that sends an SNS notification for security group changes. | O23: If you are using CloudTrail trails and CloudWatch, perform the following steps to set up the metric filter, alarm, SNS topic, and subscription: 1. Create a metric filter based on the provided filter pattern that checks for security groups changes and uses the <trail-log-group-name> taken from audit step 1: aws logs put-metric-filter --log-group-name <trail-log-group-name> -- filter-name <security-group-changes-metric> --metric-transformations metricName=<security-group-changes- metric>,metricNamespace="CISBenchmark",metricValue=1 --filter-pattern "{ ($.eventName = AuthorizeSecurityGroupIngress) || ($.eventName = AuthorizeSecurityGroupEgress) || ($.eventName = RevokeSecurityGroupIngress) || ($.eventName = RevokeSecurityGroupEgress) || ($.eventName = CreateSecurityGroup) || ($.eventName = DeleteSecurityGroup) || ($.eventName = ModifySecurityGroupRules) }" Note: You can choose your own metricName and metricNamespace strings. Using the same metricNamespace for all Foundations Benchmark metrics will group them together. 2. Create an SNS topic that the alarm will notify: aws sns create-topic --name <sns-topic-name> Note: You can execute this command once and then reuse the same topic for all monitoring alarms. Note: Capture the TopicArn that is displayed when creating the SNS topic in step 2. 3. Create an SNS subscription for the topic created in step 2: aws sns subscribe --topic-arn <sns-topic-arn> --protocol <sns-protocol> --notification-endpoint <sns-subscription-endpoints> Note: You can execute this command once and then reuse the same subscription for all monitoring alarms. 4. Create an alarm that is associated with the CloudWatch Logs metric filter created in step 1 and the SNS topic created in step 2: aws cloudwatch put-metric-alarm --alarm-name <security-group-changes- alarm> --metric-name <security-group-changes-metric> --statistic Sum -- period 300 --threshold 1 --comparison-operator GreaterThanOrEqualToThreshold --evaluation-periods 1 --namespace "CISBenchmark" --alarm-actions <sns-topic-arn>
A24: MONITORING | B24: Ensure Network Access Control List (NACL) changes are monitored | C24: 5.11 | D24: Level 2 | E24: Real-time monitoring of API calls can be achieved by directing CloudTrail Logs to CloudWatch Logs or an external Security Information and Event Management (SIEM) environment, and establishing corresponding metric filters and alarms. NACLs are used as a stateless packet filter to control ingress and egress traffic for subnets within a VPC. It is recommended that a metric filter and alarm be established for any changes made to NACLs. Rationale: CloudWatch is an AWS native service that allows you to observe and monitor resources and applications. CloudTrail logs can also be sent to an external Security Information and Event Management (SIEM) environment for monitoring and alerting. Monitoring changes to NACLs will help ensure that AWS resources and services are not unintentionally exposed. | F24: AWS AWS Cloudformation Templates: - CIS-AWS-v7-OrgWideCloudTrail - CIS-AWS-v7-EventAuditingCentralBusAndNotifications - CIS-AWS-v7-EventAuditingRules | G24: ✓ | K24: ✓ | L24: ✓ | M24: ✓ | N24: A Kion Cloud Rule creates an event rule and alarm that sends an SNS notification for NACL changes. | O24: If you are using CloudTrail trails and CloudWatch, perform the following steps to set up the metric filter, alarm, SNS topic, and subscription: 1. Create a metric filter based on the provided filter pattern that checks for NACL changes and uses the <trail-log-group-name> taken from audit step 1: aws logs put-metric-filter --log-group-name <trail-log-group-name> -- filter-name <nacl-changes-metric> --metric-transformations metricName=<nacl-changes- metric>,metricNamespace='CISBenchmark',metricValue=1 --filter-pattern '{ ($.eventName = CreateNetworkAcl) || ($.eventName = CreateNetworkAclEntry) || ($.eventName = DeleteNetworkAcl) || ($.eventName = DeleteNetworkAclEntry) || ($.eventName = ReplaceNetworkAclEntry) || ($.eventName = ReplaceNetworkAclAssociation) }' Note: You can choose your own metricName and metricNamespace strings. Using the same metricNamespace for all Foundations Benchmark metrics will group them together. 2. Create an SNS topic that the alarm will notify: aws sns create-topic --name <sns-topic-name> Note: You can execute this command once and then reuse the same topic for all monitoring alarms. Note: Capture the TopicArn that is displayed when creating the SNS topic in step 2. 3. Create an SNS subscription for the topic created in step 2: aws sns subscribe --topic-arn <sns-topic-arn> --protocol <sns-protocol> --notification-endpoint <sns-subscription-endpoints> Note: You can execute this command once and then reuse the same subscription for all monitoring alarms. 4. Create an alarm that is associated with the CloudWatch Logs metric filter created in step 1 and the SNS topic created in step 2: aws cloudwatch put-metric-alarm --alarm-name <nacl-changes-alarm> -- metric-name <nacl-changes-metric> --statistic Sum --period 300 -- threshold 1 --comparison-operator GreaterThanOrEqualToThreshold -- evaluation-periods 1 --namespace 'CISBenchmark' --alarm-actions <sns- topic-arn>
A25: MONITORING | B25: Ensure AWS Security Hub is enabled | C25: 5.16 | D25: Level 2 | E25: Security Hub collects security data from various AWS accounts, services, and supported third-party partner products, helping you analyze your security trends and identify the highest-priority security issues. When you enable Security Hub, it begins to consume, aggregate, organize, and prioritize findings from the AWS services that you have enabled, such as Amazon GuardDuty, Amazon Inspector, and Amazon Macie. You can also enable integrations with AWS partner security products. Rationale: AWS Security Hub provides you with a comprehensive view of your security state in AWS and helps you check your environment against security industry standards and best practices, enabling you to quickly assess the security posture across your AWS accounts. Impact: It is recommended that AWS Security Hub be enabled in all regions. AWS Security Hub requires that AWS Config be enabled. | F25: AWS AWS Compliance Checks: - cis-aws-v7-account-without-security-hub-enabled | G25: ✓ | J25: ✓ | L25: ✓ | M25: ✓ | N25: A Kion Cloud Rule identifies accounts that do not have Security Hub enabled. | O25: To grant the permissions required to enable Security Hub, attach the Security Hub managed policy AWSSecurityHubFullAccess to an IAM user, group, or role. Enabling Security Hub: From Console: 1. Use the credentials of the IAM identity to sign in to the Security Hub console. 2. When you open the Security Hub console for the first time, choose Go to Security Hub. 3. The Security standards section on the welcome page lists supported security standards. Check the box for a standard to enable it. 4. Choose Enable Security Hub. From Command Line: 1. Run the enable-security-hub command, including --enable-default- standards to enable the default standards: aws securityhub enable-security-hub --enable-default-standards 2. To enable Security Hub without the default standards, include --no-enable- default-standards: aws securityhub enable-security-hub --no-enable-default-standards
A26: MONITORING | B26: Ensure AWS Management Console authentication failures are monitored | C26: 5.6 | D26: Level 2 | E26: Real-time monitoring of API calls can be achieved by directing CloudTrail Logs to CloudWatch Logs or an external Security Information and Event Management (SIEM) environment, and establishing corresponding metric filters and alarms. It is recommended that a metric filter and alarm be established for failed console authentication attempts. Rationale: CloudWatch is an AWS native service that allows you to observe and monitor resources and applications. CloudTrail logs can also be sent to an external Security Information and Event Management (SIEM) environment for monitoring and alerting. Monitoring failed console logins may decrease the lead time to detect an attempt to brute-force a credential, which may provide an indicator, such as the source IP address, that can be used in other event correlations. Impact: Monitoring for these failures may generate a large number of alerts, especially in larger environments. | F26: AWS AWS Cloudformation Templates: - CIS-AWS-v7-OrgWideCloudTrail - CIS-AWS-v7-EventAuditingCentralBusAndNotifications - CIS-AWS-v7-EventAuditingRules | G26: ✓ | K26: ✓ | L26: ✓ | M26: ✓ | N26: A Kion Cloud Rule creates an event rule and alarm that sends an SNS notification for Management Console authentication failures. | O26: If you are using CloudTrail trails and CloudWatch, perform the following steps to set up the metric filter, alarm, SNS topic, and subscription: 1. Create a metric filter based on the provided filter pattern that checks for AWS management Console login failures and uses the <trail-log-group-name> taken from audit step 1: aws logs put-metric-filter --log-group-name <trail-log-group-name> -- filter-name <console-signin-failure-metric> --metric-transformations metricName=<console-signin-failure- metric>,metricNamespace='CISBenchmark',metricValue=1 --filter-pattern '{ ($.eventName = ConsoleLogin) && ($.errorMessage = "Failed authentication") }' Note: You can choose your own metricName and metricNamespace strings. Using the same metricNamespace for all Foundations Benchmark metrics will group them together. 2. Create an SNS topic that the alarm will notify: aws sns create-topic --name <sns-topic-name> Note: You can execute this command once and then reuse the same topic for all monitoring alarms. Note: Capture the TopicArn that is displayed when creating the SNS topic in step 2. 3. Create an SNS subscription for the topic created in step 2: aws sns subscribe --topic-arn <sns-topic-arn> --protocol <sns-protocol> --notification-endpoint <sns-subscription-endpoints> Note: You can execute this command once and then reuse the same subscription for all monitoring alarms. 4. Create an alarm that is associated with the CloudWatch Logs metric filter created in step 1 and the SNS topic created in step 2: aws cloudwatch put-metric-alarm --alarm-name <console-signin-failure- alarm> --metric-name <console-signin-failure-metric> --statistic Sum -- period 300 --threshold 1 --comparison-operator GreaterThanOrEqualToThreshold --evaluation-periods 1 --namespace 'CISBenchmark' --alarm-actions <sns-topic-arn>
A27: MONITORING | B27: Ensure disabling or scheduled deletion of customer created CMKs is monitored | C27: 5.7 | D27: Level 2 | E27: Real-time monitoring of API calls can be achieved by directing CloudTrail Logs to CloudWatch Logs or an external Security Information and Event Management (SIEM) environment, and establishing corresponding metric filters and alarms. It is recommended that a metric filter and alarm be established for customer-created CMKs that have changed state to disabled or are scheduled for deletion. Rationale: CloudWatch is an AWS native service that allows you to observe and monitor resources and applications. CloudTrail logs can also be sent to an external Security Information and Event Management (SIEM) environment for monitoring and alerting. Data encrypted with disabled or deleted keys will no longer be accessible. Changes in the state of a CMK should be monitored to ensure that the change is intentional. Impact: Creation, storage, and management of CMK may require additional labor compared to the use of AWS-managed keys. | F27: AWS AWS Cloudformation Templates: - CIS-AWS-v7-OrgWideCloudTrail - CIS-AWS-v7-EventAuditingCentralBusAndNotifications - CIS-AWS-v7-EventAuditingRules | G27: ✓ | K27: ✓ | L27: ✓ | M27: ✓ | N27: A Kion Cloud Rule creates an event rule and alarm that sends an SNS notification for disabling or scheduled deletion of customer-created CMKs. | O27: If you are using CloudTrail trails and CloudWatch, perform the following steps to set up the metric filter, alarm, SNS topic, and subscription: 1. Create a metric filter based on the provided filter pattern that checks for CMKs that have been disabled or scheduled for deletion and uses the <trail-log- group-name> taken from audit step 1: aws logs put-metric-filter --log-group-name <trail-log-group-name> -- filter-name <disable-or-delete-cmk-changes-metric> --metric- transformations metricName=<disable-or-delete-cmk-changes- metric>,metricNamespace='CISBenchmark',metricValue=1 --filter-pattern '{($.eventSource = kms.amazonaws.com) && (($.eventName=DisableKey)||($.eventName=ScheduleKeyDeletion)) }' Note: You can choose your own metricName and metricNamespace strings. Using the same metricNamespace for all Foundations Benchmark metrics will group them together. 2. Create an SNS topic that the alarm will notify: aws sns create-topic --name <sns-topic-name> Note: You can execute this command once and then reuse the same topic for all monitoring alarms. Note: Capture the TopicArn that is displayed when creating the SNS topic in step 2. 3. Create an SNS subscription for the topic created in step 2: aws sns subscribe --topic-arn <sns-topic-arn> --protocol <sns-protocol> --notification-endpoint <sns-subscription-endpoints> Note: You can execute this command once and then reuse the same subscription for all monitoring alarms. 4. Create an alarm that is associated with the CloudWatch Logs metric filter created in step 1 and the SNS topic created in step 2: aws cloudwatch put-metric-alarm --alarm-name <disable-or-delete-cmk- changes-alarm> --metric-name <disable-or-delete-cmk-changes-metric> -- statistic Sum --period 300 --threshold 1 --comparison-operator GreaterThanOrEqualToThreshold --evaluation-periods 1 --namespace 'CISBenchmark' --alarm-actions <sns-topic-arn>
A28: MONITORING | B28: Ensure AWS Config configuration changes are monitored | C28: 5.9 | D28: Level 2 | E28: Real-time monitoring of API calls can be achieved by directing CloudTrail Logs to CloudWatch Logs or an external Security Information and Event Management (SIEM) environment, and establishing corresponding metric filters and alarms. It is recommended that a metric filter and alarm be established for detecting changes to AWS Config's configurations. Rationale: CloudWatch is an AWS native service that allows you to observe and monitor resources and applications. CloudTrail logs can also be sent to an external Security Information and Event Management (SIEM) environment for monitoring and alerting. Monitoring changes to the AWS Config configuration will help ensure sustained visibility of the configuration items within the AWS account. | F28: AWS AWS Cloudformation Templates: - CIS-AWS-v7-OrgWideCloudTrail - CIS-AWS-v7-EventAuditingCentralBusAndNotifications - CIS-AWS-v7-EventAuditingRules AWS IAM Policies: - CIS-AWS-v7-DenyConfigChange | G28: ✓ | K28: ✓ | L28: ✓ | M28: ✓ | N28: A Kion Cloud Rule creates an event rule and alarm that sends an SNS notification for AWS Config configuration changes. An IAM policy denies Config changes. | O28: If you are using CloudTrail trails and CloudWatch, perform the following steps to set up the metric filter, alarm, SNS topic, and subscription: 1. Create a metric filter based on the provided filter pattern that checks for AWS Configuration changes and uses the <trail-log-group-name> taken from audit step 1: aws logs put-metric-filter --log-group-name <trail-log-group-name> -- filter-name <aws-config-changes-metric> --metric-transformations metricName=<aws-config-changes- metric>,metricNamespace='CISBenchmark',metricValue=1 --filter-pattern '{ ($.eventSource = config.amazonaws.com) && (($.eventName=StopConfigurationRecorder)||($.eventName=DeleteDeliveryCh annel)||($.eventName=PutDeliveryChannel)||($.eventName=PutConfiguration Recorder)) }' Note: You can choose your own metricName and metricNamespace strings. Using the same metricNamespace for all Foundations Benchmark metrics will group them together. 2. Create an SNS topic that the alarm will notify: aws sns create-topic --name <sns-topic-name> Note: You can execute this command once and then reuse the same topic for all monitoring alarms. Note: Capture the TopicArn that is displayed when creating the SNS topic in step 2. 3. Create an SNS subscription for the topic created in step 2: aws sns subscribe --topic-arn <sns-topic-arn> --protocol <sns-protocol> --notification-endpoint <sns-subscription-endpoints> Note: You can execute this command once and then reuse the same subscription for all monitoring alarms. 4. Create an alarm that is associated with the CloudWatch Logs metric filter created in step 1 and the SNS topic created in step 2: aws cloudwatch put-metric-alarm --alarm-name <aws-config-changes-alarm> --metric-name <aws-config-changes-metric> --statistic Sum --period 300 --threshold 1 --comparison-operator GreaterThanOrEqualToThreshold -- evaluation-periods 1 --namespace 'CISBenchmark' --alarm-actions <sns- topic-arn>
A29: NETWORKING | B29: Ensure the default security group of every VPC restricts all traffic | C29: 6.5 | D29: Level 2 | E29: A VPC comes with a default security group whose initial settings deny all inbound traffic, allow all outbound traffic, and allow all traffic between instances assigned to the security group. If a security group is not specified when an instance is launched, it is automatically assigned to this default security group. Security groups provide stateful filtering of ingress/egress network traffic to AWS resources. It is recommended that the default security group restrict all traffic, both inbound and outbound. The default VPC in every region should have its default security group updated to comply with the following: - No inbound rules. - No outbound rules. Any newly created VPCs will automatically contain a default security group that will need remediation to comply with this recommendation. Note: When implementing this recommendation, VPC flow logging is invaluable in determining the least privilege port access required by systems to work properly, as it can log all packet acceptances and rejections occurring under the current security groups. This dramatically reduces the primary barrier to least privilege engineering by discovering the minimum ports required by systems in the environment. Even if the VPC flow logging recommendation in this benchmark is not adopted as a permanent security measure, it should be used during any period of discovery and engineering for least privileged security groups. Rationale: Configuring all VPC default security groups to restrict all traffic will encourage the development of least privilege security groups and promote the mindful placement of AWS resources into security groups, which will, in turn, reduce the exposure of those resources. Impact: Implementing this recommendation in an existing VPC that contains operating resources requires extremely careful migration planning, as the default security groups are likely enabling many ports that are unknown. Enabling VPC flow logging (for accepted connections) in an existing environment that is known to be breach-free will reveal the current pattern of ports being used for each instance to communicate successfully. The migration process should include: - Analyzing VPC flow logs to understand current traffic patterns. - Creating least privilege security groups based on the analyzed data. - Testing the new security group rules in a staging environment before applying them to production. | F29: AWS AWS Cloudformation Templates: - CIS-AWS-v7-DefaultSecurityGroupRestrictsAllTraffic AWS Compliance Checks: - cis-aws-v7-security-group-default-not-empty - cis-aws-v7-security-group-default-does-not-restrict-all-traffic | G29: ✓ | J29: ✓ | K29: ✓ | L29: ✓ | M29: ✓ | N29: A Kion Cloud Rule removes ingress and egress rules from the default security group and identifies default security groups that do not restrict all traffic. | O29: Perform the following to implement the prescribed state: Security Group Members 1. Identify AWS resources that exist within the default security group. 2. Create a set of least-privilege security groups for those resources. 3. Place the resources in those security groups, removing the resources noted in step 1 from the default security group. From Console: 1. Login to the AWS VPC Console at https://console.aws.amazon.com/vpc/home. 2. Repeat the following steps for all VPCs, including the default VPC in each AWS region: 3. In the left pane, click Security Groups. 4. For each default security group, perform the following: o Select the default security group. o Click the Inbound Rules tab. o Remove any inbound rules. o Click the Outbound Rules tab. o Remove any Outbound rules. From Command Line: 1. List all default security groups in the specified region aws ec2 describe-security-groups --region <region-name> --query 'SecurityGroups[?GroupName == `default`]' 2. Check if the inbound rules (IpPermissions) and outbound rules (IpPermissionsEgress) of the default security group are empty. If the rules are not empty, proceed and note down the Security Group ID (GroupId) of the security group with non-empty rules. 3. List the inbound security group rule IDs (SecurityGroupRuleId) aws ec2 describe-security-group-rules --region <region-name> --query 'SecurityGroupRules[?GroupId == `<default-security-group-id>` && IsEgress == `false`]' 4. Delete the inbound security group rules based on their rule IDs aws ec2 revoke-security-group-ingress --group-id <default-security-group-id> --security-group-rule-ids <inbound-rule-id-1> <inbound-rule-id-2> 5. List the outbound security group rule IDs (SecurityGroupRuleId) aws ec2 describe-security-group-rules --region <region-name> --query 'SecurityGroupRules[?GroupId == `<default-security-group-id>` && IsEgress == `true`]' 6. Delete the outbound security group rules based on their rule IDs aws ec2 revoke-security-group-egress --group-id <default-security-group-id> - -security-group-rule-ids <outbound-rule-id-1> <outbound-rule-id-2> Recommended IAM groups allow you to edit the "name" field. After remediating default group rules for all VPCs in all regions, edit this field to add text similar to "DO NOT USE. DO NOT ADD RULES."
A30: NETWORKING | B30: Ensure routing tables for VPC peering are "least access" | C30: 6.6 | D30: Level 2 | E30: Once a VPC peering connection is established, routing tables must be updated to enable any connections between the peered VPCs. These routes can be as specific as desired, even allowing for the peering of a VPC to only a single host on the other side of the connection. Rationale: Being highly selective in peering routing tables is a very effective way to minimize the impact of a breach, as resources outside of these routes are inaccessible to the peered VPC. | O30: Remove and add route table entries to ensure that the least number of subnets or hosts required to accomplish the purpose of peering are routable. From Command Line: 1. For each <route-table-id> that contains routes that are non-compliant with your routing policy (granting more access than desired), delete the non-compliant route: aws ec2 delete-route --route-table-id <route-table-id> --destination-cidr- block <non-compliant-destination-cidr> 2. Create a new compliant route: aws ec2 create-route --route-table-id <route-table-id> --destination-cidr- block <compliant-destination-cidr> --vpc-peering-connection-id <peering- connection-id>
A31: NETWORKING | B31: Ensure VPC Endpoints are used for access to AWS Services | C31: 6.8 | D31: Level 2 | E31: Ensure that Amazon VPCs use VPC endpoints (gateway or interface endpoints) for access to AWS services such as Amazon S3 and DynamoDB, so that traffic from workloads to AWS services stays on the Amazon private network instead of traversing the public internet. VPC endpoints provide private connectivity between VPCs and supported AWS services without requiring an internet gateway, NAT gateway, or public IP addresses. Rationale: Accessing AWS services over the public internet increases exposure to network-level threats, relies on internet routing, and makes it harder to tightly control egress paths. Using VPC endpoints allows workloads to reach AWS services over the Amazon private network, which reduces reliance on internet gateways and NAT gateways, simplifies egress filtering, and helps enforce data-perimeter and "private-only" patterns for sensitive workloads. Impact: Enforcing the use of VPC endpoints may require changes to existing network architectures, including creating and managing endpoints in each VPC, updating route tables, adjusting security groups, and potentially removing or tightening some internet/NAT gateway paths. This can introduce additional operational overhead and cost (per-endpoint charges for interface endpoints) and may require updates to IaC templates and deployment pipelines. | O31: In this example, we are going to add S3 gateway endpoint and SQS interface endpoint to a VPC. You can follow similar remediation instructions for other services. 1. Create S3 Gateway Endpoint aws ec2 create-vpc-endpoint \ --region REGION \ --route-table-ids ROUTE_TABLE_ID \ --vpc-id VPC_ID \ --service-name com.amazonaws.REGION.s3 \ --vpc-endpoint-type Gateway \ --query "VpcEndpoint.VpcEndpointId" \ --output text - Provide values for REGION, ROUTE_TABLE_ID, VPC_ID - AWS automatically creates the routes for the AWS service in the route table provided as part of above command. 2. Verify that the gateway routes have been adequately created aws ec2 describe-route-tables \ --region REGION --route-table-ids ROUTE_TABLE_ID \ --query "RouteTables[0].Routes[?DestinationPrefixListId=='pl-xxxxxxxx']" - Provide values for REGION, ROUTE_TABLE_ID - pl-xxxxxxxx : replace with the specific prefix list for S3 in that region 3. Create an SQS Interface Endpoint aws ec2 create-vpc-endpoint \ --vpc-id VPC_ID \ --service-name com.amazonaws.REGION.sqs \ --vpc-endpoint-type Interface \ --subnet-ids PRIVATE_SUBNET_1_ID PRIVATE_SUBNET_2_ID \ --security-group-ids SECURITY_GROUP_ID \ --vpc-endpoint-policy VPC_ENDPOINT_POLICY \ --query "VpcEndpoint.VpcEndpointId" \ --output text - SECURITY_GROUP_ID: Update security groups for interface endpoint. Ensure the interface endpoint security group allows inbound traffic from your workloads. - VPC_ENDPOINT_POLICY: Create a restrictive Endpoint policy to ensure only certain AWS services could be reached and only specific actions can be performed. - AWS automatically creates Elastic Network Interfaces (ENIs) for the interface endpoint which allows any traffic from <PRIVATE_SUBNET_1_ID> <PRIVATE_SUBNET_2_ID> intended for SQS to be routed through the Interface Gateway. 4. Test and validate endpoint connectivity from an EC2 instance in a private subnet: - Test S3 (gateway endpoint) aws s3 ls s3://your-test-bucket --region REGION - Test SQS (interface endpoint) aws sqs list-queues --region REGION

Sheet Level 1
A1: Family | B1: Title | C1: Control | D1: Severity | E1: Description | F1: Jumpstart Resources | G1: Amazon Web Services | P1: Microsoft Azure | Y1: Google Cloud
G2: Jumpstart Assets | H2: Kion Platform | I2: CSP Platform | J2: Audit Asset | K2: Enforcement Asset | L2: Addressable | M2: Supported | N2: Example Response | O2: Recommendations | P2: Jumpstart Assets | Q2: Kion Platform | R2: CSP Platform | S2: Audit Asset | T2: Enforcement Asset | U2: Addressable | V2: Supported | W2: Example Response | X2: Recommendations | Y2: Jumpstart Assets | Z2: Kion Platform | AA2: CSP Platform | AB2: Audit Asset | AC2: Enforcement Asset | AD2: Addressable | AE2: Supported | AF2: Example Response | AG2: Recommendations
A3: IDENTITY AND ACCESS MANAGEMENT | B3: Ensure multi-factor authentication (MFA) is enabled for all IAM users that have a console password | C3: 2.10 | D3: Level 1 | E3: Multi-Factor Authentication (MFA) adds an extra layer of authentication assurance beyond traditional credentials. With MFA enabled, when a user signs in to the AWS Console, they are prompted for their username and password as well as an authentication code from their physical or virtual MFA device. It is recommended that MFA be enabled for all IAM users that have a console password. Rationale: Enabling MFA increases security for console access by requiring the authenticating principal to possess a device that generates a time-sensitive authentication code, in addition to their credentials. Impact: Without MFA, IAM user accounts with console access are more susceptible to credential compromise, potentially leading to unauthorized access to AWS resources. | F3: AWS AWS Compliance Checks: - cis-aws-v7-iam-user-with-password-and-no-mfa - cis-aws-v7-iam-user-without-mfa-device-enabled | G3: ✓ | J3: ✓ | L3: ✓ | M3: ✓ | N3: A Kion Cloud Rule identifies IAM users without MFA enabled in the event that IAM users are required. MFA can also be enforced on the Kion platform as a compensating control. | O3: Perform the following to enable MFA: From Console: 1. Sign in to the AWS Management Console and open the IAM console at 'https://console.aws.amazon.com/iam/' 2. In the left pane, select Users. 3. Select the IAM user 4. Choose the Security credentials tab 5. Under Multi-factor authentication (MFA), select Assign MFA device 6. Select Virtual MFA device (or hardware/security key as applicable), then choose Continue 7. Configure the MFA device by: - Scanning the QR code, or - Entering the secret key manually 8. Enter two consecutive authentication codes 9. Select Assign MFA
A4: IDENTITY AND ACCESS MANAGEMENT | B4: Ensure credentials unused for 45 days or more are disabled | C4: 2.11 | D4: Level 1 | E4: AWS IAM users can access AWS resources using different types of credentials, such as passwords or access keys. It is recommended that all credentials that have been unused for 45 days or more be deactivated or removed. Rationale: Disabling or removing unused credentials reduces the window of opportunity for credentials associated with a compromised or abandoned account to be used. Impact: Disabling or removing unused credentials reduces the window of opportunity for credentials associated with a compromised or abandoned account to be used. | F4: AWS AWS Compliance Checks: - cis-aws-v7-iam-user-inactive-with-enabled-credentials | G4: ✓ | J4: ✓ | L4: ✓ | M4: ✓ | N4: A Kion Cloud Rule identifies IAM users with credentials unused for 45 days or more. Users access cloud accounts through Kion using time-limited IAM role assumptions, and Kion automatically rotates and expires the IAM credentials it creates. | O4: From Console: Perform the following to deactivate or remove unused credentials: 1. Login to the AWS Management Console and open the IAM console 2. Click on the User 3. Select the user 4. Click Security Credentials Disable Console Access: 5. In the Console sign-in section, select Manage console access 6. If Console last sign-in is greater than 45 days, select Disable access Deactivate or Delete Access Keys: 7. In the Access keys section: - Deactivate unused keys, or - Delete keys that are no longer required From Command Line: 1. Delete unused access keys: aws iam delete-access-key --access-key-id <access-key-id> --user-name <user- name> 2. Remove console access: aws iam delete-login-profile --user-name <user-name>
A5: IDENTITY AND ACCESS MANAGEMENT | B5: Ensure access keys are rotated every 90 days or less | C5: 2.12 | D5: Level 1 | E5: Access keys consist of an access key ID and secret access key, which are used to sign programmatic requests to AWS. IAM users require access keys to make programmatic calls via the AWS CLI, SDKs, or APIs. It is recommended that all access keys be rotated regularly and at least every 90 days. Rationale: Rotating access keys reduces the window of opportunity for a compromised or exposed key to be used. Regular rotation also limits the risk associated with lost, stolen, or improperly stored credentials. Impact: Long-lived access keys increase the risk of unauthorized access if compromised, as they may remain valid indefinitely without detection. | F5: AWS AWS Compliance Checks: - cis-aws-v7-iam-user-with-access-keys-over-90-days-old | G5: ✓ | J5: ✓ | L5: ✓ | M5: ✓ | N5: A Kion Cloud Rule identifies access keys older than 90 days. Kion automatically rotates the IAM user credentials it creates, and long-term keys it generates are disabled and deleted when expired. | O5: Perform the following to rotate access keys: From Console: 1. Sign in to the AWS Management Console and open the IAM console (https://console.aws.amazon.com/iam) 2. Click on Users 3. Select the user 4. Navigate to Security credentials Rotate Access Keys: 5. Click Create access key 6. Update all applications and tools to use the new access key 7. After confirming successful use of the new key: - Deactivate the old key - Delete the old key when no longer needed From Command Line: 1. Create a new access key: aws iam create-access-key --user-name <user-name> 2. Update all applications and tools to use the new access key 3. Check usage of the old key: aws iam get-access-key-last-used --access-key-id <access-key-id> 4. Deactivate the old key: aws iam update-access-key --access-key-id <access-key-id> --status Inactive - -user-name <user-name> 5. After confirming no usage, delete the old key: aws iam delete-access-key --access-key-id <access-key-id> --user-name <user- name>
A6: IDENTITY AND ACCESS MANAGEMENT | B6: Ensure IAM users receive permissions only through groups | C6: 2.13 | D6: Level 1 | E6: IAM users are granted access to services, functions, and data through IAM policies. There are four ways to assign policies to a user: 1. Attach an inline (user) policy directly to the user 2. Attach a managed policy directly to the user 3. Add the user to an IAM group with attached policies 4. Add the user to an IAM group with inline policies Only assigning permissions through IAM groups is recommended. Rationale: Assigning IAM policies through groups centralizes permissions management and aligns access with organizational roles. This reduces complexity and lowers the likelihood of excessive or inconsistent permissions. Impact: Directly assigning policies to users increases the risk of misconfigured or excessive permissions and makes access management more difficult to audit and maintain. | F6: AWS AWS Compliance Checks: - cis-aws-v7-iam-user-without-group - cis-aws-v7-iam-user-with-policies-directly-applied | G6: ✓ | J6: ✓ | L6: ✓ | M6: ✓ | N6: Kion Cloud Rules identify IAM users with directly attached policies or without a group in the event that IAM users are required. | O6: From Console: Create and configure a group: 1. Sign in to the AWS Management Console and open the IAM console(https://console.aws.amazon.com/iam/) 2. In the navigation pane, click User Groups and then click Create Group 3. Enter a group name and click Next 4. Select the appropriate policies 5. Click Create Group Add users to the group: 6. Navigate to User Groups 7. Select the group 8. Click Add users to group 9. Select users and click Add users Remove direct user policies: 10. Navigate to Users 11. Select the user 12. Go to the Permissions tab 13. Remove any directly attached policies From Command Line: 1. Create a group: aws iam create-group --group-name <group-name> 2. Attach a policy to the group: aws iam attach-group-policy --group-name <group-name> --policy-arn <policy- arn> 3. Add user to group: aws iam add-user-to-group --user-name <user-name> --group-name <group-name> 4. Detach managed policies from user: aws iam detach-user-policy --user-name <user-name> --policy-arn <policy-arn> 5. Delete inline policies from user: aws iam delete-user-policy --user-name <user-name> --policy-name <policy- name>
A7: IDENTITY AND ACCESS MANAGEMENT | B7: Ensure IAM policies that allow full "*:*" administrative privileges are not attached | C7: 2.14 | D7: Level 1 | E7: IAM policies are the means by which privileges are granted to users, groups, or roles. It is recommended and considered standard security advice to grant least privilege, granting only the permissions required to perform a task. Determine what users need to do, and then craft policies for them that allow the users to perform only those tasks, instead of granting full administrative privileges. Rationale: It is more secure to start with a minimal set of permissions and grant additional permissions as necessary, rather than starting with overly permissive access and attempting to restrict it later. Providing full administrative privileges instead of restricting access to the minimum required exposes resources to potentially unintended or malicious actions. IAM policies that contain a statement with "Effect": "Allow" and "Action": "*" over "Resource": "*" should be removed. Impact: Policies granting full administrative privileges significantly increase the risk of unauthorized or unintended actions, potentially resulting in complete account compromise. | F7: AWS AWS Cloudformation Templates: - CIS-AWS-v7-RestrictIAMPoliciesGrantingFullAdminPrivileges AWS Compliance Checks: - cis-aws-v7-iam-user-with-full-admin-policy-attached - cis-aws-v7-iam-policy-with-allow-all-statement | G7: ✓ | J7: ✓ | K7: ✓ | L7: ✓ | M7: ✓ | N7: A Kion Cloud Rule alerts on IAM policies that allow "*:*" and on IAM users with full administrative policies attached, and deploys a guardrail restricting creation of such policies. | O7: From Console: 1. Sign in to the AWS Management Console and open the IAM console 2. In the navigation pane, click Policies 3. Search for the policy identified in the audit step 4. Select the policy 5. Choose Detach 6. Detach the policy from all Users, Groups, and Roles 7. Delete the policy if it is no longer required From Command Line: 1. List all entities attached to the policy: aws iam list-entities-for-policy --policy-arn <policy_arn> 2. Detach from users: aws iam detach-user-policy --user-name <iam_user> --policy-arn <policy_arn> 3. Detach from groups: aws iam detach-group-policy --group-name <iam_group> --policy-arn <policy_arn> 4. Detach from roles: aws iam detach-role-policy --role-name <iam_role> --policy-arn <policy_arn>
A8: IDENTITY AND ACCESS MANAGEMENT | B8: Ensure a support role has been created to manage incidents with AWS Support | C8: 2.15 | D8: Level 1 | E8: AWS provides a Support Center that can be used for incident notification and response, as well as technical support and customer service. Create an IAM role with the appropriate policy assigned to allow authorized users to manage incidents with AWS Support. Rationale: Following the principle of least privilege, an IAM role should be used with a scoped policy to allow access to AWS Support. This ensures only authorized users can manage support cases without requiring broad administrative access. Impact: Without a dedicated support role, access to AWS Support may require overly permissive roles, increasing the risk of excessive access and reducing separation of duties. | F8: AWS AWS Compliance Checks: - cis-aws-v7-account-with-unused-support-role | G8: ✓ | J8: ✓ | L8: ✓ | M8: ✓ | N8: Create a Kion Cloud Access Role at the top of the organization that includes the AWSSupportAccess managed policy. A Kion Cloud Rule identifies accounts without a support role in use. | O8: From Console: 1. Sign in to the AWS Management Console and open the IAM console 2. Navigate to Roles 3. Click Create role 4. Configure the trusted entity (e.g., your AWS account or identity provider) 5. Attach the AWSSupportAccess policy 6. Complete role creation 7. Assign the role to appropriate users or groups From Command Line: 1. Create a trust policy (example): { "Version": "2012-10-17", "Statement": [ { "Effect": "Allow", "Principal": { "AWS": "arn:aws:iam::<account-id>:root" }, "Action": "sts:AssumeRole" } ] } 2. Create the role: aws iam create-role --role-name <role-name> --assume-role-policy-document file://trust-policy.json 3. Attach the AWS Support policy: aws iam attach-role-policy --policy-arn arn:aws:iam::aws:policy/AWSSupportAccess --role-name <role-name>
A9: IDENTITY AND ACCESS MANAGEMENT | B9: Ensure that all expired SSL/TLS certificates stored in AWS IAM are removed | C9: 2.17 | D9: Level 1 | E9: To enable HTTPS connections to your website or application in AWS, you need an SSL/TLS server certificate. You should use AWS Certificate Manager (ACM) to store and deploy server certificates, as storing certificates in IAM is no longer recommended. Use IAM only when you must support HTTPS connections in a region or service that is not supported by ACM. IAM securely encrypts your private keys and stores the encrypted version in IAM SSL certificate storage. IAM supports deploying server certificates in all regions, but you must obtain your certificate from an external provider for use with AWS. You cannot upload an ACM certificate to IAM. Additionally, you cannot manage your certificates from the IAM Console. Rationale: Removing expired SSL/TLS certificates eliminates the risk that an invalid certificate will be deployed accidentally to a resource such as AWS Elastic Load Balancer (ELB), which can damage the credibility of the application or website behind the ELB. As a best practice, it is recommended to delete expired certificates and migrate certificate management to AWS Certificate Manager (ACM) where supported. Impact: Deleting certificates may impact applications if expired certificates are still in use by services such as Elastic Load Balancing or CloudFront. Ensure services are updated to use valid certificates before removal. Migrating certificates from IAM to ACM may require updates to associated resources. | F9: AWS AWS Compliance Checks: - cis-aws-v7-iam-certificate-expired | G9: ✓ | J9: ✓ | L9: ✓ | M9: ✓ | N9: A Kion Cloud Rule identifies expired SSL/TLS certificates stored in IAM in the event that IAM certificate storage is required. | O9: From Console: Removing expired certificates via the AWS Management Console is not currently supported. Use the CLI to delete IAM-stored certificates. From Command Line: 1. Run the following command to delete an expired certificate: aws iam delete-server-certificate --server-certificate-name <CERTIFICATE_NAME> 2. A successful command returns no output
A10: IDENTITY AND ACCESS MANAGEMENT | B10: Ensure that IAM External Access Analyzer is enabled for all regions | C10: 2.18 | D10: Level 1 | E10: Enable IAM External Access Analyzer for all resources in each active AWS region. IAM Access Analyzer is a service that analyzes resource policies to identify resources that can be accessed from outside the account. After the analyzer is enabled, scan results are displayed in the console showing accessible resources. These results help determine whether unintended access is permitted, making it easier for administrators to monitor least privilege access. Access Analyzer analyzes only policies applied to resources within the same AWS region. Rationale: IAM External Access Analyzer helps identify resources in your account or organization that are shared with external entities. This allows detection of unintended access to resources and data. It continuously monitors policies for services such as S3 buckets, IAM roles, KMS keys, Lambda functions, and SQS queues. Impact: If IAM External Access Analyzer is not enabled, unintended external access to resources may go undetected, increasing the risk of data exposure or unauthorized access. | F10: AWS AWS Compliance Checks: - cis-aws-v7-account-with-access-analyzer-disabled | G10: ✓ | J10: ✓ | L10: ✓ | M10: ✓ | N10: A Kion Cloud Rule identifies accounts that do not have IAM Access Analyzer enabled. | O10: From Console: Perform the following to enable IAM Access Analyzer for IAM policies: 1. Open the IAM console at https://console.aws.amazon.com/iam/ 2. Choose Access analyzer 3. Select Create analyzer 4. Select External access analyzer 5. Confirm the region 6. Optionally provide a name and tags 7. Select Create analyzer 8. Repeat for each active region From Command Line: 1. Create an analyzer in a region: aws accessanalyzer list-analyzers --type <ACCOUNT|ORGANIZATION> --region <region_name> | grep status 2. Repeat for each region as required
A11: IDENTITY AND ACCESS MANAGEMENT | B11: Maintain current AWS account contact details | C11: 2.2 | D11: Level 1 | E11: Ensure contact email and telephone details for AWS accounts are current and mapped to more than one individual in your organization. An AWS account supports a number of contact details, and AWS will use these to contact the account owner if activity judged to be in breach of the Acceptable Use Policy or indicative of a likely security compromise is observed by the AWS Abuse team. Contact details should not be associated with a single individual, as circumstances may arise where that individual is unavailable. Email contact details should point to a mail alias that forwards messages to multiple individuals within the organization; where feasible, phone contact details should point to a PABX hunt group or other call- forwarding system. In AWS Organizations environments, this applies to all member accounts, not just the management account. Rationale: If an AWS account is observed to be behaving in a prohibited or suspicious manner, AWS will attempt to contact the account owner by email and phone using the listed contact details. If this is unsuccessful and the account behavior requires urgent mitigation, proactive measures may be taken, including throttling traffic between the account exhibiting suspicious behavior and AWS API endpoints or the Internet. This may result in impaired service to and from the affected account. Therefore, it is in both the customer's and AWS's best interests to ensure that prompt contact can be established. This is best achieved by configuring AWS account contact details to point to resources that reach multiple individuals, such as email aliases and PABX hunt groups. Impact: Outdated contact details may delay incident response and lead to service disruption. | O11: This activity can only be performed via the AWS Console, with a user who has permission to read and write Billing information (aws-portal:*Billing). From Console: 1. Sign in to the AWS Management Console and open the Billing and Cost Management console at https://console.aws.amazon.com/billing/home#/. 2. On the navigation bar, choose your account name, and then choose Account. 3. On the Account Settings page, next to Account Settings, choose Edit. 4. Next to the field that you need to update, choose Edit. 5. After you have entered your changes, choose Save changes. 6. After you have made your changes, choose Done. 7. To edit your contact information, under Contact Information, choose Edit. 8. For the fields that you want to change, type your updated information, and then choose Update. From Command Line: 1. Run the following command: aws account get-contact-information '{ "AddressLine1": "<AddressLine 1>", "AddressLine2": "<AddressLine 2>", "City": "<City>", "CompanyName": "<Company Name>", "CountryCode": "<Country Code>", "FullName": "<Full Name>", "PhoneNumber": "<Phone Number>", "PostalCode": "<Postal Code>", "StateOrRegion": "<State or Region>" }'
A12: IDENTITY AND ACCESS MANAGEMENT | B12: Ensure access to AWSCloudShellFullAccess is restricted | C12: 2.20 | D12: Level 1 | E12: AWS CloudShell is a convenient way of running CLI commands against AWS services. The managed IAM policy AWSCloudShellFullAccess provides full access to CloudShell, including file upload and download capability between a user's local system and the CloudShell environment. Within the CloudShell environment, a user has sudo permissions and can access the internet. It is therefore possible to install software and transfer data to external systems. Rationale: Access to this policy should be restricted, as it presents a potential channel for data exfiltration by privileged users. AWS documentation provides guidance on creating more restrictive policies that limit file transfer capabilities. Impact: Unrestricted access to CloudShell may allow users to transfer data outside the AWS environment, increasing the risk of data exfiltration and loss of sensitive information. | F12: AWS AWS Compliance Checks: - cis-aws-v7-iam-policy-with-AWSCloudShellFullAccess - cis-aws-v7-iam-role-with-AWSCloudShellFullAccess - cis-aws-v7-iam-user-with-AWSCloudShellFullAccess | G12: ✓ | J12: ✓ | L12: ✓ | M12: ✓ | N12: A Kion Cloud Rule identifies IAM roles, policies, and users that have been granted AWSCloudShellFullAccess. | O12: From Console 1. Open the IAM console at https://console.aws.amazon.com/iam/ 2. In the left pane, select Policies 3. Search for and select AWSCloudShellFullAccess 4. Select the Entities attached tab 5. For each attached entity: - Select the entity - Choose Detach From Command Line (optional automation): POLICY_ARN="arn:aws:iam::aws:policy/AWSCloudShellFullAccess" # Detach from users for u in $(aws iam list-entities-for-policy --policy-arn "$POLICY_ARN" -- query "PolicyUsers[].UserName" --output text); do echo "Detaching from user: $u" aws iam detach-user-policy --user-name "$u" --policy-arn "$POLICY_ARN" done # Detach from roles for r in $(aws iam list-entities-for-policy --policy-arn "$POLICY_ARN" -- query "PolicyRoles[].RoleName" --output text); do echo "Detaching from role: $r" aws iam detach-role-policy --role-name "$r" --policy-arn "$POLICY_ARN" done # Detach from groups for g in $(aws iam list-entities-for-policy --policy-arn "$POLICY_ARN" -- query "PolicyGroups[].GroupName" --output text); do echo "Detaching from group: $g" aws iam detach-group-policy --group-name "$g" --policy-arn "$POLICY_ARN" done
A13: IDENTITY AND ACCESS MANAGEMENT | B13: Ensure AWS resource policies do not allow unrestricted access using "Principal": "*" | C13: 2.21 | D13: Level 1 | E13: Ensure AWS resource-based policies, such as Amazon S3 bucket policies, Amazon SQS queue policies, Amazon SNS topic policies, and AWS Lambda resource policies, do not grant unrestricted access using "Principal": "*" with "Effect": "Allow" unless the policy includes restrictive conditions that limit access to specific trusted identities, accounts, services, or network boundaries. Rationale: Resource-based policies are evaluated alongside identity-based IAM policies during authorization decisions. When a policy statement specifies "Principal": "*" with "Effect": "Allow", it grants the specified permissions to any AWS principal unless additional conditions restrict the request. This may unintentionally allow access from users, roles, or services in any AWS account. Such broad access significantly increases the risk of unauthorized data access, resource abuse, or data exfiltration. Impact: Unrestricted resource-based policies may expose data or services to unauthorized access, potentially leading to data breaches, service misuse, or unintended public exposure. | F13: AWS AWS Compliance Checks: - cis-aws-v7-sns-topic-shared-publicly - cis-aws-v7-glacier-shared-publicly - cis-aws-v7-elasticsearch-domain-with-anonymous-access | G13: ✓ | J13: ✓ | L13: ✓ | M13: ✓ | N13: A Kion Cloud Rule identifies OpenSearch domains, Glacier vaults, and SNS topics with resource policies that allow unrestricted ("Principal": "*") access. | O13: If a resource policy contains "Principal": "*" with "Effect": "Allow" and lacks sufficient restrictions, modify the policy to limit access. OPTION 1 - Restrict the Principal Replace the wildcard principal ("Principal": "*") with a specific account, role, user, or service. Example: Non-Compliant Policy { "Version": "2012-10-17", "Statement": [ { "Sid": "AllowPublicAccess", "Effect": "Allow", "Principal": "*", "Action": "sqs:SendMessage", "Resource": "arn:aws:sqs:us-east-1:123456789012:my-queue" } ] } Steps: 1. Retrieve the current policy: aws sqs get-queue-attributes \ --queue-url https://sqs.us-east-1.amazonaws.com/123456789012/my-queue \ --attribute-names Policy \ --query 'Attributes.Policy' 2. Update the policy with a specific principal: aws sqs set-queue-attributes \ --queue-url https://sqs.us-east-1.amazonaws.com/123456789012/my-queue \ --attributes '{ "Policy": "{\"Version\":\"2012-10- 17\",\"Statement\":[{\"Sid\":\"AllowSpecificAccount\",\"Effect\":\"Allow\",\" Principal\":{\"AWS\":\"arn:aws:iam::345678901234:root\"},\"Action\":\"sqs:Sen dMessage\",\"Resource\":\"arn:aws:sqs:us-east-1:123456789012:my-queue\"}]}" }' Resulting Compliant Policy: { "Version": "2012-10-17", "Statement": [ { "Sid": "AllowSpecificAccount", "Effect": "Allow", "Principal": { "AWS": "arn:aws:iam::345678901234:root" }, "Action": "sqs:SendMessage", "Resource": "arn:aws:sqs:us-east-1:123456789012:my-queue" } ] } OPTION 2 - Restrict Using Conditions If a wildcard principal is required, add restrictive conditions. Example compliant policy: { "Version": "2012-10-17", "Statement": [ { "Sid": "AllowServiceIntegration", "Effect": "Allow", "Principal": "*", "Action": "sqs:SendMessage", "Resource": "arn:aws:sqs:us-east-1:123456789012:my-queue", "Condition": { "StringEquals": { "aws:SourceAccount": "345678901234" } } } ] }
A14: IDENTITY AND ACCESS MANAGEMENT | B14: Ensure security contact information is registered | C14: 2.3 | D14: Level 1 | E14: AWS provides customers with the option to specify contact information for the account's security team. It is recommended that this information be configured. In AWS Organizations environments, this applies to all member accounts. Rationale: Specifying security-specific contact information helps ensure that security advisories sent by AWS reach the team within your organization that is best equipped to respond to them. Impact: Missing or incorrect security contact information may delay response to AWS security notifications, increasing the risk of prolonged exposure to security threats. | O14: Perform the following to establish security contact information: From Console: 1. Click on your account name at the top right corner of the console 2. From the drop-down menu click My Account 3. Scroll down to the Alternate Contacts section 4. Enter contact information in the Security section From Command Line: Run the following command with the following input parameters: --email-address, -- name, and --phone-number. aws account put-alternate-contact --alternate-contact-type SECURITY --email- address "" --name "" --phone-number "" Note: Consider specifying an internal email distribution list to ensure emails are regularly monitored by more than one individual.
A15: IDENTITY AND ACCESS MANAGEMENT | B15: Ensure no 'root' user account access key exists | C15: 2.4 | D15: Level 1 | E15: The 'root' user account is the most privileged user in an AWS account. AWS access keys provide programmatic access to a given AWS account. It is recommended that all access keys associated with the 'root' user account be deleted. Rationale: Deleting access keys associated with the 'root' user account limits the vectors by which the account can be compromised. Additionally, removing 'root' access keys encourages the use of role-based access with least privilege. Impact: Root access keys significantly increase the risk of account compromise, as they provide unrestricted programmatic access with no built-in scope limitations. | F15: AWS AWS Compliance Checks: - cis-aws-v7-account-with-root-access-keys | G15: ✓ | J15: ✓ | L15: ✓ | M15: ✓ | N15: Managing and creating accounts with Kion does not generate access keys for the root account. A Kion Cloud Rule identifies accounts with root access keys. | O15: Perform the following to delete active 'root' user access keys. From Console: 1. Sign in to the AWS Management Console as 'root' and open the IAM console at https://console.aws.amazon.com/iam/ 2. Click on <root_account> at the top right and select Security Credentials from the drop down list 3. Click on Access Keys (Access Key ID and Secret Access Key) 4. If there are active keys: - Deactivate the key under Status - Click Delete (Deleted keys cannot be recovered) Note: While a key can be made inactive, it will still appear in CLI audit output and may result in a false positive. Keys should be deleted to ensure compliance.
A16: IDENTITY AND ACCESS MANAGEMENT | B16: Ensure MFA is enabled for the 'root' user account | C16: 2.5 | D16: Level 1 | E16: The 'root' user account is the most privileged user in an AWS account. Multi-Factor Authentication (MFA) adds an extra layer of protection on top of a username and password. With MFA enabled, when a user signs in to an AWS website, they are prompted for their username and password as well as an authentication code from their MFA device. Note: When virtual MFA is used for 'root' accounts, it is recommended that the device used is not a personal device, but rather a dedicated mobile device (tablet or phone) that is kept charged and secured, independent of any individual ("non-personal virtual MFA"). This reduces the risk of losing access to MFA due to device loss, device replacement, or employee turnover. Where an AWS Organization is using centralized root access, root credentials can be removed from member accounts. In that case, it is neither possible nor necessary to configure root MFA in the member account. Rationale: Enabling MFA increases security for console access by requiring the authenticating principal to possess a device that generates a time-sensitive authentication code, in addition to their credentials. Impact: Without MFA, the root account is highly susceptible to compromise, potentially resulting in full account takeover and unrestricted access to all resources. | F16: AWS AWS Compliance Checks: - cis-aws-v7-root-account-without-mfa-enabled | G16: ✓ | J16: ✓ | L16: ✓ | M16: ✓ | N16: Root user credentials are never exposed when accounts are created and managed through Kion. A Kion Cloud Rule identifies root accounts without MFA enabled. | O16: Note: To manage MFA devices for the 'root' AWS account, you must use root credentials. MFA cannot be managed for the root account using IAM users or roles. Perform the following to establish MFA for the 'root' user account: From Console: 1. Sign in to the AWS Management Console using the root user email 2. In the top right corner, click the account name 3. Choose Security Credentials 4. Under the Multi-Factor authentication (MFA), locate the root user 5. Choose Assign MFA device (or Activate MFA, depending on UI version) 6. Select Virtual MFA device 7. Choose one of the following: - Scan the QR code using your MFA app, or - Select Show secret key for manual configuration and enter it into your MFA app 8. Enter the first authentication code in Authentication Code 1 9. Wait for a new code, then enter it in Authentication Code 2 10. Click Assign Virtual MFA
A17: IDENTITY AND ACCESS MANAGEMENT | B17: Eliminate use of the 'root' user for administrative and daily tasks | C17: 2.7 | D17: Level 1 | E17: With the creation of an AWS account, a 'root user' is created that cannot be disabled or deleted. This user has unrestricted access to and control over all resources in the AWS account. It is highly recommended that the use of this account be avoided for everyday tasks. Rationale: The 'root user' has unrestricted access to and control over all account resources. Use of this account is inconsistent with the principles of least privilege and separation of duties and can lead to unnecessary harm due to user error or account compromise. Impact: Use of the root account for routine activities increases the risk of accidental or unauthorized changes, potentially resulting in full account compromise. | O17: If the 'root' user account is being used for daily activities or administrative tasks that do not require root access: 1. Stop using the root account for routine operations 2. Create and use IAM roles or users with least privilege instead 3. Change the root user password 4. Deactivate or delete any access keys associated with the root user From Command Line: 1. Run the following command as the root user in the account to delete the root login profile: aws iam delete-login-profile This removes the password associated with the root account and prevents console authentication using the root user.
A18: IDENTITY AND ACCESS MANAGEMENT | B18: Ensure IAM password policy requires minimum length of 14 or greater | C18: 2.8 | D18: Level 1 | E18: Password policies are used, in part, to enforce password complexity requirements. IAM password policies can ensure that passwords meet a minimum length. It is recommended that the password policy require a minimum password length of 14 characters. Rationale: Setting a password policy with sufficient length requirements increases account resilience against brute force login attempts. Impact: Enforcing a minimum password length of 14 characters enhances security by making passwords more resistant to brute force attacks. However, it may require users to create longer passwords, which could impact user convenience. | F18: AWS AWS Cloudformation Templates: - CIS-AWS-v7-SetAccountLevelPasswordPolicy AWS Compliance Checks: - cis-aws-v7-account-bad-password-policy | G18: ✓ | J18: ✓ | K18: ✓ | L18: ✓ | M18: ✓ | N18: A Kion Cloud Rule sets an account password policy with a minimum length of 14 and identifies non-compliant policies in the event that IAM users are required. Federated access inherits the organizational password policy. | O18: Perform the following to set the password policy as prescribed: From Console: 1. Login to AWS Console (with appropriate permissions to View Identity Access Management Account Settings) 2. Go to IAM Service 3. Select Account Settings on the Left Pane 4. Set "Minimum password length" to 14 or greater 5. Select "Apply password policy" From Command Line: 1. Run the following command: aws iam update-account-password-policy --minimum-password-length 14 Note: Note: All commands starting with "aws iam update-account-password-policy" can be combined into a single command.
A19: IDENTITY AND ACCESS MANAGEMENT | B19: Ensure IAM password policy prevents password reuse | C19: 2.9 | D19: Level 1 | E19: IAM password policies can prevent the reuse of passwords by the same user. It is recommended that the password policy be configured to prevent password reuse. Rationale: Preventing password reuse increases account resilience against brute force and credential reuse attacks. Impact: Allowing password reuse increases the risk of account compromise, particularly if previously exposed or weak passwords are reused. | F19: AWS AWS Cloudformation Templates: - CIS-AWS-v7-SetAccountLevelPasswordPolicy AWS Compliance Checks: - cis-aws-v7-account-bad-password-policy | G19: ✓ | J19: ✓ | K19: ✓ | L19: ✓ | M19: ✓ | N19: A Kion Cloud Rule sets an account password policy that prevents password reuse and identifies non-compliant policies in the event that IAM users are required. Federated access inherits the organizational password policy. | O19: Perform the following to set the password policy as prescribed: From Console: 1. Login to AWS Console (with appropriate permissions to View Identity Access Management Account Settings) 2. Go to IAM Service 3. Select Account Settings on the left Pane 4. Check Prevent password reuse 5. Set Remember XX password(s) to 24 or greater From Command Line: 1. Run the following command: aws iam update-account-password-policy --password-reuse-prevention 24 Note: All commands starting with "aws iam update-account-password-policy" can be combined into a single command.
A20: STORAGE | B20: Ensure that S3 is configured with 'Block Public Access' enabled | C20: 3.1.4 | D20: Level 1 | E20: Amazon S3 provides Block public access (bucket settings) and Block public access (account settings) to help you manage public access to Amazon S3 resources. By default, S3 buckets and objects are created with public access disabled. However, an IAM principal with sufficient S3 permissions can enable public access at the bucket and/or object level. While enabled, Block public access (bucket settings) prevents an individual bucket and its contained objects from becoming publicly accessible. Similarly, Block public access (account settings) prevents all buckets and their contained objects from becoming publicly accessible across the entire account. Rationale: Amazon S3 Block public access (bucket settings) prevents the accidental or malicious public exposure of data contained within the respective bucket(s). Amazon S3 Block public access (account settings) prevents the accidental or malicious public exposure of data contained within all buckets of the respective AWS account. Whether to block public access to all or some buckets is an organizational decision that should be based on data sensitivity, least privilege, and use case. Impact: When you apply Block Public Access settings to an account, the settings apply to all AWS regions globally. The settings may not take effect in all regions immediately or simultaneously, but they will eventually propagate to all regions. | F20: AWS AWS Cloudformation Templates: - CIS-AWS-v7-S3Account-LevelPublicAccessBlock AWS Compliance Checks: - cis-aws-v7-s3-bucket-with-public-block-disabled | G20: ✓ | J20: ✓ | K20: ✓ | L20: ✓ | M20: ✓ | N20: A Kion Cloud Rule enables account-level S3 Block Public Access and identifies buckets that are not blocking public access. | O20: If utilizing Block Public Access (bucket settings) From Console: 1. Login to the AWS Management Console and open the Amazon S3 console using https://console.aws.amazon.com/s3/. 2. Select the check box next to a bucket. 3. Click 'Edit public access settings'. 4. Click 'Block all public access' 5. Repeat for all the buckets in your AWS account that contain sensitive data. From Command Line: 1. List all of the S3 buckets: aws s3 ls 2. Enable Block Public Access on a specific bucket: aws s3api put-public-access-block --bucket <bucket-name> --public-access- block-configuration "BlockPublicAcls=true,IgnorePublicAcls=true,BlockPublicPolicy=true,RestrictPu blicBuckets=true" If utilizing Block Public Access (account settings) From Console: If the output reads true for the separate configuration settings, then Block Public Access is enabled on the account. 1. Login to the AWS Management Console and open the Amazon S3 console using https://console.aws.amazon.com/s3/. 2. Click Block Public Access (account settings). 3. Click Edit to change the block public access settings for all the buckets in your AWS account. 4. Update the settings and click Save. 5. When you're asked for confirmation, enter confirm. Then click Confirm to save your changes. From Command Line: To enable Block Public Access for this account, run the following command: aws s3control put-public-access-block --public-access-block-configuration BlockPublicAcls=true, IgnorePublicAcls=true, BlockPublicPolicy=true, RestrictPublicBuckets=true --account-id <account-id>
A21: STORAGE | B21: Ensure that encryption-at-rest is enabled for RDS instances | C21: 3.2.1 | D21: Level 1 | E21: Amazon RDS encrypted DB instances use the industry-standard AES-256 encryption algorithm to encrypt your data on the server that hosts your Amazon RDS DB instances. After your data is encrypted, Amazon RDS handles the authentication of access and the decryption of your data transparently, with minimal impact on performance. Rationale: Databases are likely to hold sensitive and critical data; therefore, it is highly recommended to implement encryption to protect your data from unauthorized access or disclosure. With RDS encryption enabled, the data stored on the instance's underlying storage, the automated backups, read replicas, and snapshots are all encrypted. | F21: AWS AWS Compliance Checks: - cis-aws-v7-rds-instance-unencrypted AWS IAM Policies: - CIS-AWS-v7-DenyUnencryptedRDSInstances | G21: ✓ | J21: ✓ | K21: ✓ | L21: ✓ | M21: ✓ | N21: A Kion Cloud Rule identifies unencrypted RDS instances and includes an IAM policy that denies creation of unencrypted RDS instances. | O21: From Console: 1. Login to the AWS Management Console and open the RDS dashboard at https://console.aws.amazon.com/rds/. 2. In the left navigation panel, click on Databases. 3. Select the Database instance that needs to be encrypted. 4. Click the Actions button placed at the top right and select Take Snapshot. 5. On the Take Snapshot page, enter the name of the database for which you want to take a snapshot in the Snapshot Name field and click on Take Snapshot. 6. Select the newly created snapshot, click the Action button placed at the top right, and select Copy snapshot from the Action menu. 7. On the Make Copy of DB Snapshot page, perform the following: - In the New DB Snapshot Identifier field, enter a name for the new snapshot. - Check Copy Tags. The new snapshot must have the same tags as the source snapshot. - Select Yes from the Enable Encryption dropdown list to enable encryption. You can choose to use the AWS default encryption key or a custom key from the Master Key dropdown list. 8. Click Copy Snapshot to create an encrypted copy of the selected instance's snapshot. 9. Select the new Snapshot Encrypted Copy and click the Action button located at the top right. Then, select the Restore Snapshot option from the Action menu. This will restore the encrypted snapshot to a new database instance. 10. On the Restore DB Instance page, enter a unique name for the new database instance in the DB Instance Identifier field. 11. Review the instance configuration details and click Restore DB Instance. 12. After the new instance is provisioned: - Update application configuration to use the new encrypted database endpoint - Remove the unencrypted instance once migration is complete Note: This remediation procedure assumes that the database has been taken offline (or operating in read-only mode) and is static when the snapshot is taken. If the database is still in use, any changes made between the time the snapshot is made and the new encrypted database is brought online will be lost. For production databases, consider implementing replication or planned downtime to ensure data consistency during migration. From Command Line: 1. List all RDS database instances: aws rds describe-db-instances --region <region-name> --query 'DBInstances[*].DBInstanceIdentifier' 2. Check if the instance is encrypted: aws rds describe-db-instances --region <region-name> --db-instance-identifier --query 'DBInstances[*].StorageEncrypted' 3. Create a snapshot: aws rds create-db-snapshot --region <region-name> --db-snapshot-identifier <db-snapshot-name> --db-instance-identifier <db-name> 4. List KMS key aliases: aws kms list-aliases --region <region-name> 5. Create an encrypted copy of the snapshot: aws rds copy-db-snapshot --region <region> \ --source-db-snapshot-identifier <source-snapshot> \ --target-db-snapshot-identifier <target-snapshot> \ --copy-tags \ --kms-key-id <kms-key-id> 6. Restore the encrypted snapshot (default VPC): aws rds restore-db-instance-from-db-snapshot --region <region> \ --db-instance-identifier <new-db-name> \ --db-snapshot-identifier <snapshot-name> 7. (Optional) Create a DB subnet group (if using custom VPC): aws rds create-db-subnet-group \ --db-subnet-group-name <name> \ --db-subnet-group-description <description> \ --subnet-ids '["subnet-1","subnet-2","subnet-3"]' 8. Restore using the subnet group: aws rds restore-db-instance-from-db-snapshot --region <region> \ --db-subnet-group-name <subnet-group> \ --db-instance-identifier <new-db-name> \ --db-snapshot-identifier <snapshot-name> 9. Verify the new database instance: aws rds describe-db-instances --region <region> --query 'DBInstances[*].DBInstanceIdentifier' 10. Confirm encryption is enabled: aws rds describe-db-instances --region <region> \ --db-instance-identifier <db-name> \ --query 'DBInstances[*].StorageEncrypted'
A22: STORAGE | B22: Ensure the Auto Minor Version Upgrade feature is enabled for RDS instances | C22: 3.2.2 | D22: Level 1 | E22: Ensure that RDS database instances have the Auto Minor Version Upgrade flag enabled to automatically receive minor engine upgrades during the specified maintenance window. This way, RDS instances can obtain new features, bug fixes, and security patches for their database engines. Rationale: AWS RDS will occasionally deprecate minor engine versions and provide new ones for upgrades. When the last version number within a release is replaced, the changed version is considered minor. With the Auto Minor Version Upgrade feature enabled, version upgrades will occur automatically during the specified maintenance window, allowing your RDS instances to receive new features, bug fixes, and security patches for their database engines. | F22: AWS AWS Compliance Checks: - cis-aws-v7-rds-cluster-without-auto-minor-version-upgrade | G22: ✓ | J22: ✓ | L22: ✓ | M22: ✓ | N22: A Kion Cloud Rule identifies RDS instances that do not have automatic minor version upgrades enabled. | O22: From Console: 1. Log in to the AWS management console and navigate to the RDS dashboard at https://console.aws.amazon.com/rds/. 2. In the left navigation panel, click Databases. 3. Select the RDS instance that you want to update. 4. Click on the Modify button located at the top right side. 5. On the Modify DB Instance: <instance identifier> page, In the Maintenance section, select Auto minor version upgrade and click the Yes radio button. 6. At the bottom of the page, click Continue, and check Apply Immediately to apply the changes immediately, or select Apply during the next scheduled maintenance window to avoid any downtime. 7. Review the changes and click Modify DB Instance. The instance status should change from available to modifying and back to available. Once the feature is enabled, the Auto Minor Version Upgrade status should change to Yes. From Command Line: 1. Run the describe-db-instances command to list all RDS database instance names available in the selected AWS region: aws rds describe-db-instances --region <region-name> --query 'DBInstances[*].DBInstanceIdentifier' 2. The command output should return each database instance identifier. 3. Run the modify-db-instance command to modify the configuration of a selected RDS instance. This command will apply the changes immediately. Remove --apply-immediately to apply changes during the next scheduled maintenance window and avoid any downtime: aws rds modify-db-instance --region <region-name> --db-instance-identifier <db-instance-identifier> --auto-minor-version-upgrade --apply-immediately 4. The command output should reveal the new configuration metadata for the RDS instance, including the AutoMinorVersionUpgrade parameter value. 5. Run the describe-db-instances command to check if the Auto Minor Version Upgrade feature has been successfully enabled: aws rds describe-db-instances --region <region-name> --db-instance-identifier <db-instance-identifier> --query 'DBInstances[*].AutoMinorVersionUpgrade' 6. The command output should return the feature's current status set to true, indicating that the feature is enabled, and that the minor engine upgrades will be applied to the selected RDS instance.
A23: STORAGE | B23: Ensure that RDS instances are not publicly accessible | C23: 3.2.3 | D23: Level 1 | E23: Ensure and verify that the RDS database instances provisioned in your AWS account restrict unauthorized access in order to minimize security risks. To restrict access to any RDS database instance, you must disable the Publicly Accessible flag for the database and update the VPC security group associated with the instance. Rationale: Ensure that no public-facing RDS database instances are provisioned in your AWS account, and restrict unauthorized access in order to minimize security risks. When the RDS instance allows unrestricted access (0.0.0.0/0), anyone and anything on the Internet can establish a connection to your database, which can increase the opportunity for malicious activities such as brute force attacks, PostgreSQL injections, or DoS/DDoS attacks. | F23: AWS AWS Cloudformation Templates: - CIS-AWS-v7-RemediatePublicRDSDatabases AWS Compliance Checks: - cis-aws-v7-rds-with-public-access | G23: ✓ | J23: ✓ | K23: ✓ | L23: ✓ | M23: ✓ | N23: A Kion Cloud Rule identifies and remediates RDS instances that permit public access. | O23: From Console: 1. Log in to the AWS management console and navigate to the RDS dashboard at https://console.aws.amazon.com/rds/. 2. Under the navigation panel, on the RDS dashboard, click Databases. 3. Select the RDS instance that you want to update. 4. Click Modify from the dashboard top menu. 5. On the Modify DB Instance panel, under the Connectivity section, click on Additional connectivity configuration and update the value for Publicly Accessible to Not publicly accessible to restrict public access. 6. Follow the below steps to update subnet configurations: - Select the Connectivity and security tab, and click the VPC attribute value inside the Networking section. - Select the Details tab from the VPC dashboard's bottom panel and click the Route table configuration attribute value. - On the Route table details page, select the Routes tab from the dashboard's bottom panel and click Edit routes. - On the Edit routes page, update the Destination of Target which is set to igw- xxxxx and click Save routes. 7. On the Modify DB Instance panel, click Continue, and in the Scheduling of modifications section, perform one of the following actions based on your requirements: - Select Apply during the next scheduled maintenance window to apply the changes automatically during the next scheduled maintenance window. - Select Apply immediately to apply the changes right away. With this option, any pending modifications will be asynchronously applied as soon as possible, regardless of the maintenance window setting for this RDS database instance. Note that any changes available in the pending modifications queue are also applied. If any of the pending modifications require downtime, choosing this option can cause unexpected downtime for the application. 8. Repeat steps 3-7 for each RDS instance in the current region. 9. Change the AWS region from the navigation bar to repeat the process for other regions. From Command Line: 1. Run the describe-db-instances command to list all available RDS database identifiers in the selected AWS region: aws rds describe-db-instances --region <region-name> --query 'DBInstances[*].DBInstanceIdentifier' 2. The command output should return each database instance identifier. 3. Run the modify-db-instance command to modify the configuration of a selected RDS instance, disabling the Publicly Accessible flag for that instance. This command uses the apply-immediately flag. If you want to avoid any downtime, the --no-apply-immediately flag can be used: aws rds modify-db-instance --region <region-name> --db-instance-identifier <db-instance-name> --no-publicly-accessible --apply-immediately 4. The command output should reveal the PubliclyAccessible configuration under pending values, to be applied at the specified time. 5. Updating the Internet Gateway destination via the AWS CLI is not currently supported. To update information about the Internet Gateway, please use the AWS Console procedure. 6. Repeat steps 1-5 for each RDS instance provisioned in the current region. 7. Change the AWS region by using the --region filter to repeat the process for other regions.
A24: STORAGE | B24: Ensure Multi-AZ deployments are used for enhanced availability in Amazon RDS | C24: 3.2.4 | D24: Level 1 | E24: Amazon RDS offers Multi-AZ deployments that provide enhanced availability and durability for your databases, using synchronous replication to replicate data to a standby instance in a different Availability Zone (AZ). In the event of an infrastructure failure, Amazon RDS automatically fails over to the standby to minimize downtime and ensure business continuity. Rationale: Database availability is crucial for maintaining service uptime, particularly for applications that are critical to the business. Implementing Multi-AZ deployments with Amazon RDS ensures that your databases are protected against unplanned outages due to hardware failures, network issues, or other disruptions. This configuration enhances both the availability and durability of your database, making it a highly recommended practice for production environments. Impact: Multi-AZ deployments may increase costs due to the additional resources required to maintain a standby instance; however, the benefits of increased availability and reduced risk of downtime outweigh these costs for critical applications. | F24: AWS AWS Compliance Checks: - cis-aws-v7-rds-without-rds-multi-az-support | G24: ✓ | J24: ✓ | L24: ✓ | M24: ✓ | N24: A Kion Cloud Rule identifies RDS instances that are not configured for Multi-AZ deployment. | O24: From Console: 1. Login to the AWS Management Console and open the RDS dashboard at AWS RDS Console. 2. In the left navigation pane, click on Databases. 3. Select the database instance that needs Multi-AZ deployment to be enabled. 4. Click the Modify button at the top right. 5. Scroll down to the Availability & Durability section. 6. Under Multi-AZ deployment, select Yes to enable. 7. Review the changes and click Continue. 8. On the Review page, choose Apply immediately to make the change without waiting for the next maintenance window, or Apply during the next scheduled maintenance window. 9. Click Modify DB Instance to apply the changes. From Command Line: 1. Run the following command to modify the RDS instance and enable Multi-AZ: aws rds modify-db-instance --region <region-name> --db-instance- identifier <db-name> --multi-az --apply-immediately 2. Confirm that the Multi-AZ deployment is enabled by running the following command: aws rds describe-db-instances --region <region-name> --db-instance- identifier <db-name> --query 'DBInstances[*].MultiAZ' o The output should return True, indicating that Multi-AZ is enabled. 3. Repeat the procedure for other instances as necessary.
A25: STORAGE | B25: Ensure that encryption is enabled for EFS file systems | C25: 3.3.1 | D25: Level 1 | E25: EFS data should be encrypted at rest using AWS KMS (Key Management Service). Rationale: Data should be encrypted at rest to reduce the risk of a data breach via direct access to the storage device. | F25: AWS AWS Compliance Checks: - cis-aws-v7-efs-volume-unencrypted | G25: ✓ | J25: ✓ | L25: ✓ | M25: ✓ | N25: A Kion Cloud Rule identifies EFS file systems that are not encrypted. | O25: It is important to note that EFS file system data-at-rest encryption must be turned on when creating the file system. If an EFS file system has been created without data-at-rest encryption enabled, then you must create another EFS file system with the correct configuration and transfer the data. Steps to create an EFS file system with data encrypted at rest: From Console: 1. Login to the AWS Management Console and Navigate to the Elastic File System (EFS) dashboard. 2. Select File Systems from the left navigation panel. 3. Click the Create File System button from the dashboard top menu to start the file system setup process. 4. On the Configure file system access configuration page, perform the following actions: - Choose an appropriate VPC from the VPC dropdown list. - Within the Create mount targets section, check the boxes for all of the Availability Zones (AZs) within the selected VPC. These will be your mount targets. - Click Next step to continue. 5. Perform the following on the Configure optional settings page: - Create tags to describe your new file system. - Choose performance mode based on your requirements. - Check the Enable encryption box and choose aws/elasticfilesystem from the Select KMS master key dropdown list to enable encryption for the new file system, using the default master key provided and managed by AWS KMS. - Click Next step to continue. 6. Review the file system configuration details on the review and create page and then click Create File System to create your new AWS EFS file system. 7. Copy the data from the old unencrypted EFS file system onto the newly created encrypted file system. 8. Remove the unencrypted file system as soon as your data migration to the newly created encrypted file system is completed. 9. Change the AWS region from the navigation bar and repeat the entire process for the other AWS regions. From CLI: 1. Run the describe-file-systems command to view the configuration information for the selected unencrypted file system identified in the Audit steps: aws efs describe-file-systems --region <region> --file-system-id <file- system-id> 2. The command output should return the configuration information. 3. To provision a new AWS EFS file system, you need to generate a universally unique identifier (UUID) to create the token required by the create-file- system command. To create the required token, you can use a randomly generated UUID from "https://www.uuidgenerator.net". 4. Run the create-file-system command using the unique token created at the previous step: aws efs create-file-system --region <region> --creation-token <uuid> -- performance-mode generalPurpose --encrypted 5. The command output should return the new file system configuration metadata. 6. Run the create-mount-target command using the EFS file system ID returned from step 4 as the identifier and the ID of the Availability Zone (AZ) that will represent the mount target: aws efs create-mount-target --region <region> --file-system-id <file-system- id> --subnet-id <subnet-id> 7. The command output should return the new mount target metadata. 8. Now you can mount your file system from an EC2 instance. 9. Copy the data from the old unencrypted EFS file system to the newly created encrypted file system. 10. Remove the unencrypted file system as soon as your data migration to the newly created encrypted file system is completed: aws efs delete-file-system --region <region> --file-system-id <unencrypted- file-system-id> 11. Change the AWS region by updating the --region and repeat the entire process for the other AWS regions.
A26: LOGGING | B26: Ensure CloudTrail is enabled in all regions | C26: 4.1 | D26: Level 1 | E26: AWS CloudTrail is a web service that records AWS API calls for your account and delivers log files to you. The recorded information includes the identity of the API caller, the time of the API call, the source IP address of the API caller, the request parameters, and the response elements returned by the AWS service. CloudTrail provides a history of AWS API calls for an account, including API calls made via the Management Console, SDKs, command line tools, and higher-level AWS services (such as CloudFormation). Rationale: The AWS API call history produced by CloudTrail enables security analysis, resource change tracking, and compliance auditing. Additionally, - ensuring that a multi-region trail exists will help detect unexpected activity occurring in otherwise unused regions - ensuring that a multi-region trail exists will ensure that Global Service Logging is enabled for a trail by default to capture recordings of events generated on AWS global services - for a multi-region trail, ensuring that management events are configured for all types of Read/Writes ensures the recording of management operations that are performed on all resources in an AWS account Impact: S3 lifecycle features can be used to manage the accumulation and management of logs over time. See the following AWS resource for more information on these features: 1. https://docs.aws.amazon.com/AmazonS3/latest/dev/object-lifecycle-mgmt.html | F26: AWS AWS Cloudformation Templates: - CIS-AWS-v7-OrgWideCloudTrail - CIS-AWS-v7-EventAuditingCentralBusAndNotifications - CIS-AWS-v7-EventAuditingRules AWS Compliance Checks: - cis-aws-v7-account-with-cloudtrail-disabled AWS IAM Policies: - CIS-AWS-v7-DenyCloudtrailChanges | G26: ✓ | J26: ✓ | K26: ✓ | L26: ✓ | M26: ✓ | N26: A Kion Cloud Rule deploys an organization-wide CloudTrail covering all regions, identifies accounts with CloudTrail disabled, and includes an IAM policy that denies CloudTrail changes. | O26: Perform the following to enable global (Multi-region) CloudTrail logging: From Console: 1. Sign in to the AWS Management Console and open the IAM console at https://console.aws.amazon.com/cloudtrail. 2. Click on Trails in the left navigation pane. 3. Click Get Started Now if it is presented, then: - Click Add new trail. - Enter a trail name in the Trail name box. o A trail created in the console is a multi-region trail by default. - Specify an S3 bucket name in the S3 bucket box. - Specify the AWS KMS alias under the Log file SSE-KMS encryption section, or create a new key. - Click Next. 4. Ensure the Management events check box is selected. 5. Ensure both Read and Write are checked under API activity. 6. Click Next. 7. Review your trail settings and click Create trail. From Command Line: Create a multi-region trail: aws cloudtrail create-trail --name <trail-name> --bucket-name <s3-bucket-for- cloudtrail> --is-multi-region-trail Enable multi-region on an existing trail: aws cloudtrail update-trail --name <trail-name> --is-multi-region-trail Note: Creating a CloudTrail trail via the CLI without providing any overriding options configures all read and write Management Events to be logged by default.
A27: LOGGING | B27: Ensure all AWS-managed web front-end services have access logging enabled | C27: 4.10 | D27: Level 1 | E27: Ensure that access logging is enabled for all AWS-managed web front-end services that terminate or front HTTP(S) traffic, including Amazon CloudFront distributions, Application Load Balancers (ALB), Network Load Balancers (NLB), and Amazon API Gateway REST/HTTP API stages with public endpoints. Access logs must be enabled with delivery to a designated S3 bucket or CloudWatch Logs destination that is protected with appropriate access controls. This control requires logging of request details such as client IP address, timestamp, HTTP method, requested URI, response status code, bytes transferred, and user agent for every request processed by these services. CloudTrail provides management event logging for these resources, but access logs are required to capture the actual HTTP request/response activity at the network edge layers. Rationale: AWS-managed web front-end services (CloudFront, ALB/NLB, API Gateway) represent the primary HTTP(S) ingress points into AWS accounts and are the first line of defense against web attacks, reconnaissance, and abuse attempts. CloudTrail logs management actions (create/update/delete) and data events but does not capture the content of HTTP requests/responses or client activity, leaving a critical visibility gap for security monitoring and incident response. Access logs from these services enable reconstruction of all web traffic, detection of anomalous patterns, forensic analysis of incidents, and compliance proof that internet- facing entry points were monitored. Without these logs, security teams cannot distinguish legitimate traffic from attacks or prove access patterns during audits. Impact: Enabling access logging incurs additional storage costs for log delivery and retention, as well as minor configuration overhead for creating dedicated logging buckets, IAM roles, and retention policies. Costs can be managed through lifecycle policies, log sampling, and tiered storage classes. | F27: AWS AWS Compliance Checks: - cis-aws-v7-elbv2-without-logging-enabled - cis-aws-v7-cloudfront-without-logging-enabled - cis-aws-v7-elb-with-logging-disabled | G27: ✓ | J27: ✓ | L27: ✓ | M27: ✓ | N27: Kion Cloud Rules identify CloudFront distributions and Classic, Application, and Network Load Balancers without access logging enabled. | O27: Following instructions enable standard access logging for CloudFront distributions using the AWS Management Console. 1. Open the CloudFront console from the AWS Management Console. 2. Click Distributions in the left navigation and click on the Distribution ID needing remediation. 3. Go to the "Logging" tab and click on "Create access log delivery" - Select "Deliver to" for your preferred location: S3 or CloudWatch log group - Select the ARN of your log destination resource - Click on Submit 4. Confirm if you see the access log destination in the logging tab
A28: LOGGING | B28: Ensure that server access logging is enabled on the CloudTrail S3 bucket | C28: 4.4 | D28: Level 1 | E28: Server access logging generates a log that contains access records for each request made to your S3 bucket. An access log record contains details about the request, such as the request type, the resources specified in the request worked, and the time and date the request was processed. It is recommended that server access logging be enabled on the CloudTrail S3 bucket. Rationale: By enabling server access logging on target S3 buckets, it is possible to capture all events that may affect objects within any target bucket. Configuring the logs to be placed in a separate bucket allows access to log information that can be useful in security and incident response workflows. In some environments (e.g., AWS Control Tower), logs may be delivered to the same bucket with appropriate prefixes, which is also an acceptable configuration. | F28: AWS AWS Cloudformation Templates: - CIS-AWS-v7-OrgWideCloudTrail - CIS-AWS-v7-EventAuditingCentralBusAndNotifications - CIS-AWS-v7-EventAuditingRules AWS Compliance Checks: - cis-aws-v7-cloudtrail-log-bucket-not-logging - cis-aws-v7-s3-cloudtrail-log-bucket-with-access-logging-disabled | G28: ✓ | J28: ✓ | K28: ✓ | L28: ✓ | M28: ✓ | N28: The Kion Cloud Rule that deploys the organization-wide CloudTrail enables server access logging on the CloudTrail S3 bucket, and Kion Cloud Rules identify CloudTrail buckets without it. | O28: Perform the following to enable server access logging: From Console: 1. Sign in to the AWS Management Console and open the S3 console at https://console.aws.amazon.com/s3. 2. Under All Buckets click on the target S3 bucket. 3. Click on Properties in the top right of the console. 4. Under Server access logging, click Edit. 5. Configure bucket logging: o Check the Enabled box. o Select a Target Bucket from the list. o Enter a Target Prefix. 6. Click Save. From Command Line: 1. Get the name of the S3 bucket that CloudTrail is logging to: aws cloudtrail describe-trails --region <region-name> --query trailList[*].S3BucketName 2. Create a logging configuration file and populate the following values: { "LoggingEnabled": { "TargetBucket": "<TargetBucket>", "TargetPrefix": "<TargetPrefix>", "TargetGrants": [ { "Grantee": { "Type": "AmazonCustomerByEmail", "EmailAddress": "" }, "Permission": "FULL_CONTROL" } ] } } 3. Save the file as <file>.json 4. Apply the logging configuration: aws s3api put-bucket-logging --bucket <bucket-name> --bucket-logging-status file://<file>.json
A29: MONITORING | B29: Ensure changes to network gateways are monitored | C29: 5.12 | D29: Level 1 | E29: Real-time monitoring of API calls can be achieved by directing CloudTrail Logs to CloudWatch Logs or an external Security Information and Event Management (SIEM) environment, and establishing corresponding metric filters and alarms. Network gateways are required to send and receive traffic to a destination outside of a VPC. It is recommended that a metric filter and alarm be established for changes to network gateways. Rationale: CloudWatch is an AWS native service that allows you to observe and monitor resources and applications. CloudTrail logs can also be sent to an external Security Information and Event Management (SIEM) environment for monitoring and alerting. Monitoring changes to network gateways will help ensure that all ingress/egress traffic traverses the VPC border via a controlled path. Impact: Monitoring changes to network gateways helps detect unauthorized modifications that could compromise network security. Implementing automated monitoring and alerts can improve incident response times, but it may require additional configuration and maintenance efforts. | F29: AWS AWS Cloudformation Templates: - CIS-AWS-v7-OrgWideCloudTrail - CIS-AWS-v7-EventAuditingCentralBusAndNotifications - CIS-AWS-v7-EventAuditingRules | G29: ✓ | K29: ✓ | L29: ✓ | M29: ✓ | N29: A Kion Cloud Rule creates an event rule and alarm that sends an SNS notification for network gateway changes. | O29: If you are using CloudTrail trails and CloudWatch, perform the following steps to set up the metric filter, alarm, SNS topic, and subscription: 1. Create a metric filter based on the provided filter pattern that checks for network gateways changes and uses the <trail-log-group-name> taken from audit step 1: aws logs put-metric-filter --log-group-name <trail-log-group-name> -- filter-name <network-gw-changes-metric> --metric-transformations metricName=<network-gw-changes- metric>,metricNamespace='CISBenchmark',metricValue=1 --filter-pattern '{ ($.eventName = CreateCustomerGateway) || ($.eventName = DeleteCustomerGateway) || ($.eventName = AttachInternetGateway) || ($.eventName = CreateInternetGateway) || ($.eventName = DeleteInternetGateway) || ($.eventName = DetachInternetGateway) }' Note: You can choose your own metricName and metricNamespace strings. Using the same metricNamespace for all Foundations Benchmark metrics will group them together. 2. Create an SNS topic that the alarm will notify: aws sns create-topic --name <sns-topic-name> Note: You can execute this command once and then reuse the same topic for all monitoring alarms. Note: Capture the TopicArn that is displayed when creating the SNS topic in step 2. 3. Create an SNS subscription for the topic created in step 2: aws sns subscribe --topic-arn <sns-topic-arn> --protocol <sns-protocol> --notification-endpoint <sns-subscription-endpoints> Note: You can execute this command once and then reuse the same subscription for all monitoring alarms. 4. Create an alarm that is associated with the CloudWatch Logs metric filter created in step 1 and the SNS topic created in step 2: aws cloudwatch put-metric-alarm --alarm-name <network-gw-changes-alarm> --metric-name <network-gw-changes-metric> --statistic Sum --period 300 --threshold 1 --comparison-operator GreaterThanOrEqualToThreshold -- evaluation-periods 1 --namespace 'CISBenchmark' --alarm-actions <sns- topic-arn> 5. Implement logging and alerting mechanisms: aws sns create-topic --name NetworkGatewayChangesAlerts aws sns subscribe --topic-arn <sns-topic-arn> --protocol email -- notification-endpoint <email-address> aws cloudwatch put-metric-alarm --alarm-name NetworkGatewayChangesAlarm --metric-name GatewayChanges --namespace AWS/EC2 --statistic Sum -- period 300 --threshold 1 --comparison-operator GreaterThanOrEqualToThreshold --evaluation-periods 1 --alarm-actions <sns-topic-arn>
A30: MONITORING | B30: Ensure route table changes are monitored | C30: 5.13 | D30: Level 1 | E30: Real-time monitoring of API calls can be achieved by directing CloudTrail Logs to CloudWatch Logs or an external Security Information and Event Management (SIEM) environment, and establishing corresponding metric filters and alarms. Routing tables are used to route network traffic between subnets and to network gateways. It is recommended that a metric filter and alarm be established for changes to route tables. Rationale: CloudWatch is an AWS native service that allows you to observe and monitor resources and applications. CloudTrail logs can also be sent to an external Security Information and Event Management (SIEM) environment for monitoring and alerting. Monitoring changes to route tables will help ensure that all VPC traffic flows through the expected path and prevent any accidental or intentional modifications that may lead to uncontrolled network traffic. An alarm should be triggered every time an AWS API call is performed to create, replace, delete, or disassociate a route table. | F30: AWS AWS Cloudformation Templates: - CIS-AWS-v7-OrgWideCloudTrail - CIS-AWS-v7-EventAuditingCentralBusAndNotifications - CIS-AWS-v7-EventAuditingRules | G30: ✓ | K30: ✓ | L30: ✓ | M30: ✓ | N30: A Kion Cloud Rule creates an event rule and alarm that sends an SNS notification for route table changes. | O30: If you are using CloudTrail trails and CloudWatch, perform the following steps to set up the metric filter, alarm, SNS topic, and subscription: 1. Create a metric filter based on the provided filter pattern that checks for route table changes and uses the <trail-log-group-name> taken from audit step 1: aws logs put-metric-filter --log-group-name <trail-log-group-name> -- filter-pattern '{ ($.eventName = CreateRoute) || ($.eventName = CreateRouteTable) || ($.eventName = ReplaceRoute) || ($.eventName = ReplaceRouteTableAssociation) || ($.eventName = DeleteRouteTable) || ($.eventName = DeleteRoute) || ($.eventName = DisassociateRouteTable) }' Note: You can choose your own metricName and metricNamespace strings. Using the same metricNamespace for all Foundations Benchmark metrics will group them together. 2. Create an SNS topic that the alarm will notify: aws sns create-topic --name <sns-topic-name> Note: You can execute this command once and then reuse the same topic for all monitoring alarms. Note: Capture the TopicArn that is displayed when creating the SNS topic in step 2. 3. Create an SNS subscription for the topic created in step 2: aws sns subscribe --topic-arn <sns-topic-arn> --protocol <sns-protocol> --notification-endpoint <sns-subscription-endpoints> Note: You can execute this command once and then reuse the same subscription for all monitoring alarms. 4. Create an alarm that is associated with the CloudWatch Logs metric filter created in step 1 and the SNS topic created in step 2: aws cloudwatch put-metric-alarm --alarm-name <route-table-changes- alarm> --metric-name <route-table-changes-metric> --statistic Sum -- period 300 --threshold 1 --comparison-operator GreaterThanOrEqualToThreshold --evaluation-periods 1 --namespace 'CISBenchmark' --alarm-actions <sns-topic-arn>
A31: MONITORING | B31: Ensure VPC changes are monitored | C31: 5.14 | D31: Level 1 | E31: Real-time monitoring of API calls can be achieved by directing CloudTrail Logs to CloudWatch Logs or an external Security Information and Event Management (SIEM) environment, and establishing corresponding metric filters and alarms. It is possible to have more than one VPC within an account; additionally, it is also possible to create a peer connection between two VPCs, enabling network traffic to route between them. It is recommended that a metric filter and alarm be established for changes made to VPCs. Rationale: CloudWatch is an AWS native service that allows you to observe and monitor resources and applications. CloudTrail logs can also be sent to an external Security Information and Event Management (SIEM) environment for monitoring and alerting. VPCs in AWS are logically isolated virtual networks that can be used to launch AWS resources. Monitoring changes to VPC configurations will help ensure that VPC traffic flow is not negatively impacted. Changes to VPCs can affect network accessibility from the public internet and additionally impact VPC traffic flow to and from the resources launched in the VPC. | F31: AWS AWS Cloudformation Templates: - CIS-AWS-v7-OrgWideCloudTrail - CIS-AWS-v7-EnableVPCFlowLogs - CIS-AWS-v7-EventAuditingCentralBusAndNotifications - CIS-AWS-v7-EventAuditingRules | G31: ✓ | K31: ✓ | L31: ✓ | M31: ✓ | N31: A Kion Cloud Rule creates an event rule and alarm that sends an SNS notification for VPC changes. | O31: If you are using CloudTrail trails and CloudWatch, perform the following steps to set up the metric filter, alarm, SNS topic, and subscription: 1. Create a metric filter based on the provided filter pattern that checks for VPC changes and uses the <trail-log-group-name> taken from audit step 1: aws logs put-metric-filter --log-group-name <trail-log-group-name> -- filter-name <vpc-changes-metric> --metric-transformations metricName=<vpc-changes- metric>,metricNamespace='CISBenchmark',metricValue=1 --filter-pattern '{ ($.eventName = CreateVpc) || ($.eventName = DeleteVpc) || ($.eventName = ModifyVpcAttribute) || ($.eventName = AcceptVpcPeeringConnection) || ($.eventName = CreateVpcPeeringConnection) || ($.eventName = DeleteVpcPeeringConnection) || ($.eventName = RejectVpcPeeringConnection) || ($.eventName = AttachClassicLinkVpc) || ($.eventName = DetachClassicLinkVpc) || ($.eventName = DisableVpcClassicLink) || ($.eventName = EnableVpcClassicLink) }' Note: You can choose your own metricName and metricNamespace strings. Using the same metricNamespace for all Foundations Benchmark metrics will group them together. 2. Create an SNS topic that the alarm will notify: aws sns create-topic --name <sns-topic-name> Note: You can execute this command once and then reuse the same topic for all monitoring alarms. Note: Capture the TopicArn that is displayed when creating the SNS topic in step 2. 3. Create an SNS subscription for the topic created in step 2: aws sns subscribe --topic-arn <sns-topic-arn> --protocol <sns-protocol> --notification-endpoint <sns-subscription-endpoints> Note: You can execute this command once and then reuse the same subscription for all monitoring alarms. 4. Create an alarm that is associated with the CloudWatch Logs metric filter created in step 1 and the SNS topic created in step 2: aws cloudwatch put-metric-alarm --alarm-name <vpc-changes-alarm> -- metric-name <vpc-changes-metric> --statistic Sum --period 300 -- threshold 1 --comparison-operator GreaterThanOrEqualToThreshold -- evaluation-periods 1 --namespace 'CISBenchmark' --alarm-actions <sns- topic-arn>
A32: MONITORING | B32: Ensure AWS Organizations changes are monitored | C32: 5.15 | D32: Level 1 | E32: Real-time monitoring of API calls can be achieved by directing CloudTrail Logs to CloudWatch Logs or an external Security Information and Event Management (SIEM) environment, and establishing corresponding metric filters and alarms. It is recommended that a metric filter and alarm be established for changes made to AWS Organizations in the master AWS account. Rationale: CloudWatch is an AWS native service that allows you to observe and monitor resources and applications. CloudTrail logs can also be sent to an external Security Information and Event Management (SIEM) environment for monitoring and alerting. Monitoring AWS Organizations changes can help you prevent unwanted, accidental, or intentional modifications that may lead to unauthorized access or other security breaches. This monitoring technique helps ensure that any unexpected changes made within your AWS Organizations can be investigated and that any unwanted changes can be rolled back. | F32: AWS AWS Cloudformation Templates: - CIS-AWS-v7-OrgWideCloudTrail - CIS-AWS-v7-OrganizationsChangesCloudWatchAlarm - CIS-AWS-v7-EventAuditingCentralBusAndNotifications - CIS-AWS-v7-EventAuditingRules AWS Compliance Checks: - cis-aws-v7-cloudwatch-alarm-without-actions - cis-aws-v7-cloudtrail-with-cloudwatch-integration-disabled | G32: ✓ | J32: ✓ | K32: ✓ | L32: ✓ | M32: ✓ | N32: A Kion Cloud Rule creates a CloudWatch alarm that sends an SNS notification for AWS Organizations changes, and Kion Cloud Rules identify trails without CloudWatch integration and alarms without actions. | O32: If you are using CloudTrail trails and CloudWatch, perform the following steps to set up the metric filter, alarm, SNS topic, and subscription: 1. Create a metric filter based on the provided filter pattern that checks for AWS Organizations changes and uses the <trail-log-group-name> taken from audit step 1: aws logs put-metric-filter --log-group-name <trail-log-group-name> -- filter-name <organizations-changes> --metric-transformations metricName=<organizations- changes>,metricNamespace='CISBenchmark',metricValue=1 --filter-pattern '{ ($.eventSource = organizations.amazonaws.com) && (($.eventName = "AcceptHandshake") || ($.eventName = "AttachPolicy") || ($.eventName = "CreateAccount") || ($.eventName = "CreateOrganizationalUnit") || ($.eventName = "CreatePolicy") || ($.eventName = "DeclineHandshake") || ($.eventName = "DeleteOrganization") || ($.eventName = "DeleteOrganizationalUnit") || ($.eventName = "DeletePolicy") || ($.eventName = "DetachPolicy") || ($.eventName = "DisablePolicyType") || ($.eventName = "EnablePolicyType") || ($.eventName = "InviteAccountToOrganization") || ($.eventName = "LeaveOrganization") || ($.eventName = "MoveAccount") || ($.eventName = "RemoveAccountFromOrganization") || ($.eventName = "UpdatePolicy") || ($.eventName = "UpdateOrganizationalUnit")) }' Note: You can choose your own metricName and metricNamespace strings. Using the same metricNamespace for all Foundations Benchmark metrics will group them together. 2. Create an SNS topic that the alarm will notify: aws sns create-topic --name <sns-topic-name> Note: You can execute this command once and then reuse the same topic for all monitoring alarms. Note: Capture the TopicArn that is displayed when creating the SNS topic in step 2. 3. Create an SNS subscription for the topic created in step 2: aws sns subscribe --topic-arn <sns-topic-arn> --protocol <sns-protocol> --notification-endpoint <sns-subscription-endpoints> Note: You can execute this command once and then reuse the same subscription for all monitoring alarms. 4. Create an alarm that is associated with the CloudWatch Logs metric filter created in step 1 and the SNS topic created in step 2: aws cloudwatch put-metric-alarm --alarm-name <organizations-changes> -- metric-name <organizations-changes> --statistic Sum --period 300 -- threshold 1 --comparison-operator GreaterThanOrEqualToThreshold -- evaluation-periods 1 --namespace 'CISBenchmark' --alarm-actions <sns- topic-arn>
A33: MONITORING | B33: Ensure management console sign-in without MFA is monitored | C33: 5.2 | D33: Level 1 | E33: Real-time monitoring of API calls can be achieved by directing CloudTrail Logs to CloudWatch Logs or an external Security Information and Event Management (SIEM) environment, and establishing corresponding metric filters and alarms. It is recommended that a metric filter and alarm be established for console logins that are not protected by multi-factor authentication (MFA). Rationale: CloudWatch is an AWS native service that allows you to observe and monitor resources and applications. CloudTrail logs can also be sent to an external Security Information and Event Management (SIEM) environment for monitoring and alerting. Monitoring for single-factor console logins will increase visibility into accounts that are not protected by MFA. These type of accounts are more susceptible to compromise and unauthorized access. | F33: AWS AWS Cloudformation Templates: - CIS-AWS-v7-OrgWideCloudTrail - CIS-AWS-v7-EventAuditingCentralBusAndNotifications - CIS-AWS-v7-EventAuditingRules | G33: ✓ | K33: ✓ | L33: ✓ | M33: ✓ | N33: A Kion Cloud Rule creates an event rule and alarm that sends an SNS notification for Management Console sign-ins without MFA. | O33: If you are using CloudTrail trails and CloudWatch, perform the following steps to set up the metric filter, alarm, SNS topic, and subscription: 1. Create a metric filter based on the provided filter pattern that checks for AWS Management Console sign-ins without MFA and uses the <trail-log-group- name> taken from audit step 1. aws logs put-metric-filter --log-group-name <trail-log-group-name> -- filter-name `<no-mfa-console-signin-metric>` --metric-transformations metricName= `<no-mfa-console-signin- metric>`,metricNamespace='CISBenchmark',metricValue=1 --filter-pattern '{ ($.eventName = "ConsoleLogin") && ($.additionalEventData.MFAUsed != "Yes") }' Or, to reduce false positives in case Single Sign-On (SSO) is used in the organization: aws logs put-metric-filter --log-group-name <trail-log-group-name> -- filter-name `<no-mfa-console-signin-metric>` --metric-transformations metricName= `<no-mfa-console-signin- metric>`,metricNamespace='CISBenchmark',metricValue=1 --filter-pattern '{ ($.eventName = "ConsoleLogin") && ($.additionalEventData.MFAUsed != "Yes") && ($.userIdentity.type = "IAMUser") && ($.responseElements.ConsoleLogin = "Success") }' Note: You can choose your own metricName and metricNamespace strings. Using the same metricNamespace for all Foundations Benchmark metrics will group them together. 2. Create an SNS topic that the alarm will notify: aws sns create-topic --name <sns-topic-name> Note: You can execute this command once and then reuse the same topic for all monitoring alarms. Note: Capture the TopicArn that is displayed when creating the SNS topic in step 2. 3. Create an SNS subscription for the topic created in step 2: aws sns subscribe --topic-arn <sns-topic-arn> --protocol <sns-protocol> --notification-endpoint <sns-subscription-endpoints> Note: You can execute this command once and then reuse the same subscription for all monitoring alarms. 4. Create an alarm that is associated with the CloudWatch Logs metric filter created in step 1 and the SNS topic created in step 2: aws cloudwatch put-metric-alarm --alarm-name `<no-mfa-console-signin- alarm>` --metric-name `<no-mfa-console-signin-metric>` --statistic Sum --period 300 --threshold 1 --comparison-operator GreaterThanOrEqualToThreshold --evaluation-periods 1 --namespace 'CISBenchmark' --alarm-actions <sns-topic-arn>
A34: MONITORING | B34: Ensure usage of the 'root' account is monitored | C34: 5.3 | D34: Level 1 | E34: Real-time monitoring of API calls can be achieved by directing CloudTrail Logs to CloudWatch Logs or an external Security Information and Event Management (SIEM) environment, and establishing corresponding metric filters and alarms. It is recommended that a metric filter and alarm be established for 'root' login attempts to detect unauthorized use or attempts to use the root account. Rationale: CloudWatch is an AWS native service that allows you to observe and monitor resources and applications. CloudTrail logs can also be sent to an external Security Information and Event Management (SIEM) environment for monitoring and alerting. Monitoring 'root' account logins will provide visibility into the use of a fully privileged account and the opportunity to reduce its usage. | F34: AWS AWS Cloudformation Templates: - CIS-AWS-v7-OrgWideCloudTrail - CIS-AWS-v7-EventAuditingCentralBusAndNotifications - CIS-AWS-v7-EventAuditingRules | G34: ✓ | K34: ✓ | L34: ✓ | M34: ✓ | N34: A Kion Cloud Rule creates an event rule and alarm that sends an SNS notification for usage of the root account. | O34: If you are using CloudTrail trails and CloudWatch, perform the following steps to set up the metric filter, alarm, SNS topic, and subscription: 1. Create a metric filter based on the provided filter pattern that checks for 'root' account usage and uses the <trail-log-group-name> taken from audit step 1: aws logs put-metric-filter --log-group-name `<trail-log-group-name>` -- filter-name `<root-usage-metric>` --metric-transformations metricName= `<root-usage-metric>` ,metricNamespace='CISBenchmark',metricValue=1 -- filter-pattern '{ $.userIdentity.type = "Root" && $.userIdentity.invokedBy NOT EXISTS && $.eventType != "AwsServiceEvent" }' Note: You can choose your own metricName and metricNamespace strings. Using the same metricNamespace for all Foundations Benchmark metrics will group them together. 2. Create an SNS topic that the alarm will notify: aws sns create-topic --name <sns-topic-name> Note: You can execute this command once and then reuse the same topic for all monitoring alarms. Note: Capture the TopicArn that is displayed when creating the SNS topic in step 2. 3. Create an SNS subscription for the topic created in step 2: aws sns subscribe --topic-arn <sns-topic-arn> --protocol <sns-protocol> --notification-endpoint <sns-subscription-endpoints> Note: You can execute this command once and then reuse the same subscription for all monitoring alarms. 4. Create an alarm that is associated with the CloudWatch Logs metric filter created in step 1 and the SNS topic created in step 2: aws cloudwatch put-metric-alarm --alarm-name `<root-usage-alarm>` -- metric-name `<root-usage-metric>` --statistic Sum --period 300 -- threshold 1 --comparison-operator GreaterThanOrEqualToThreshold -- evaluation-periods 1 --namespace 'CISBenchmark' --alarm-actions <sns_topic_arn>
A35: MONITORING | B35: Ensure IAM policy changes are monitored | C35: 5.4 | D35: Level 1 | E35: Real-time monitoring of API calls can be achieved by directing CloudTrail Logs to CloudWatch Logs or an external Security Information and Event Management (SIEM) environment, and establishing corresponding metric filters and alarms. It is recommended that a metric filter and alarm be established for changes made to Identity and Access Management (IAM) policies. Rationale: CloudWatch is an AWS native service that allows you to observe and monitor resources and applications. CloudTrail logs can also be sent to an external Security Information and Event Management (SIEM) environment for monitoring and alerting. Monitoring changes to IAM policies will help ensure authentication and authorization controls remain intact. Impact: Monitoring these changes may result in a number of "false positives," especially in larger environments. This alert may require more tuning than others to eliminate some of those erroneous notifications. | F35: AWS AWS Cloudformation Templates: - CIS-AWS-v7-OrgWideCloudTrail - CIS-AWS-v7-EventAuditingCentralBusAndNotifications - CIS-AWS-v7-EventAuditingRules | G35: ✓ | K35: ✓ | L35: ✓ | M35: ✓ | N35: A Kion Cloud Rule creates an event rule and alarm that sends an SNS notification for IAM policy changes. | O35: If you are using CloudTrail trails and CloudWatch, perform the following steps to set up the metric filter, alarm, SNS topic, and subscription: 1. Create a metric filter based on the provided filter pattern that checks for IAM policy changes and the <trail-log-group-name> taken from audit step 1: aws logs put-metric-filter --log-group-name `<trail-log-group-name>` -- filter-name `<iam-changes-metric>` --metric-transformations metricName= `<iam-changes-metric>`,metricNamespace='CISBenchmark',metricValue=1 -- filter-pattern '{($.eventName=DeleteGroupPolicy)||($.eventName=DeleteRolePolicy)||($.e ventName=DeleteUserPolicy)||($.eventName=PutGroupPolicy)||($.eventName= PutRolePolicy)||($.eventName=PutUserPolicy)||($.eventName=CreatePolicy) ||($.eventName=DeletePolicy)||($.eventName=CreatePolicyVersion)||($.eve ntName=DeletePolicyVersion)||($.eventName=AttachRolePolicy)||($.eventNa me=DetachRolePolicy)||($.eventName=AttachUserPolicy)||($.eventName=Deta chUserPolicy)||($.eventName=AttachGroupPolicy)||($.eventName=DetachGrou pPolicy)}' Note: You can choose your own metricName and metricNamespace strings. Using the same metricNamespace for all Foundations Benchmark metrics will group them together. 2. Create an SNS topic that the alarm will notify: aws sns create-topic --name <sns-topic-name> Note: You can execute this command once and then reuse the same topic for all monitoring alarms. Note: Capture the TopicArn that is displayed when creating the SNS topic in step 2. 3. Create an SNS subscription for the topic created in step 2: aws sns subscribe --topic-arn <sns-topic-arn> --protocol <sns-protocol> --notification-endpoint <sns-subscription-endpoints> Note: You can execute this command once and then reuse the same subscription for all monitoring alarms. 4. Create an alarm that is associated with the CloudWatch Logs metric filter created in step 1 and the SNS topic created in step 2: aws cloudwatch put-metric-alarm --alarm-name `<iam-changes-alarm>` -- metric-name `<iam-changes-metric>` --statistic Sum --period 300 -- threshold 1 --comparison-operator GreaterThanOrEqualToThreshold -- evaluation-periods 1 --namespace 'CISBenchmark' --alarm-actions <sns- topic-arn>
A36: MONITORING | B36: Ensure CloudTrail configuration changes are monitored | C36: 5.5 | D36: Level 1 | E36: Real-time monitoring of API calls can be achieved by directing CloudTrail Logs to CloudWatch Logs or an external Security Information and Event Management (SIEM) environment, and establishing corresponding metric filters and alarms. It is recommended that a metric filter and alarm be used to detect changes to CloudTrail's configurations. Rationale: CloudWatch is an AWS native service that allows you to observe and monitor resources and applications. CloudTrail logs can also be sent to an external Security Information and Event Management (SIEM) environment for monitoring and alerting. Monitoring changes to CloudTrail's configuration will help ensure sustained visibility into the activities performed in the AWS account. Impact: Ensuring that changes to CloudTrail configurations are monitored enhances security by maintaining the integrity of logging mechanisms. Automated monitoring can provide real-time alerts; however, it may require additional setup and resources to configure and manage these alerts effectively. These steps can be performed manually within a company's existing SIEM platform in cases where CloudTrail logs are monitored outside of the AWS monitoring tools in CloudWatch. | F36: AWS AWS Cloudformation Templates: - CIS-AWS-v7-OrgWideCloudTrail - CIS-AWS-v7-EventAuditingCentralBusAndNotifications - CIS-AWS-v7-EventAuditingRules AWS IAM Policies: - CIS-AWS-v7-DenyCloudtrailChanges | G36: ✓ | K36: ✓ | L36: ✓ | M36: ✓ | N36: A Kion Cloud Rule creates an event rule and alarm that sends an SNS notification for CloudTrail configuration changes. An IAM policy denies CloudTrail changes. | O36: If you are using CloudTrail trails and CloudWatch, perform the following steps to set up the metric filter, alarm, SNS topic, and subscription: 1. Create a metric filter based on the provided filter pattern that checks for CloudTrail configuration changes and the <trail-log-group-name> taken from audit step 1: aws logs put-metric-filter --log-group-name <trail-log-group-name> -- filter-name <cloudtrail-cfg-changes-metric> --metric-transformations metricName=<cloudtrail-cfg-changes- metric>,metricNamespace='CISBenchmark',metricValue=1 --filter-pattern '{ ($.eventName = CreateTrail) || ($.eventName = UpdateTrail) || ($.eventName = DeleteTrail) || ($.eventName = StartLogging) || ($.eventName = StopLogging) }' Note: You can choose your own metricName and metricNamespace strings. Using the same metricNamespace for all Foundations Benchmark metrics will group them together. 2. Create an SNS topic that the alarm will notify: aws sns create-topic --name <sns-topic-name> Note: You can execute this command once and then reuse the same topic for all monitoring alarms. Note: Capture the TopicArn that is displayed when creating the SNS topic in step 2. 3. Create an SNS subscription for the topic created in step 2: aws sns subscribe --topic-arn <sns-topic-arn> --protocol <sns-protocol> --notification-endpoint <sns-subscription-endpoints> Note: You can execute this command once and then reuse the same subscription for all monitoring alarms. 4. Create an alarm that is associated with the CloudWatch Logs metric filter created in step 1 and the SNS topic created in step 2: aws cloudwatch put-metric-alarm --alarm-name <cloudtrail-cfg-changes- alarm> --metric-name <cloudtrail-cfg-changes-metric> --statistic Sum -- period 300 --threshold 1 --comparison-operator GreaterThanOrEqualToThreshold --evaluation-periods 1 --namespace 'CISBenchmark' --alarm-actions <sns-topic-arn>
A37: MONITORING | B37: Ensure S3 bucket policy changes are monitored | C37: 5.8 | D37: Level 1 | E37: Real-time monitoring of API calls can be achieved by directing CloudTrail Logs to CloudWatch Logs or an external Security Information and Event Management (SIEM) environment, and establishing corresponding metric filters and alarms. It is recommended that a metric filter and alarm be established for changes to S3 bucket policies. Rationale: CloudWatch is an AWS native service that allows you to observe and monitor resources and applications. CloudTrail logs can also be sent to an external Security Information and Event Management (SIEM) environment for monitoring and alerting. Monitoring changes to S3 bucket policies may reduce the time it takes to detect and correct permissive policies on sensitive S3 buckets. | F37: AWS AWS Cloudformation Templates: - CIS-AWS-v7-OrgWideCloudTrail - CIS-AWS-v7-EventAuditingCentralBusAndNotifications - CIS-AWS-v7-EventAuditingRules | G37: ✓ | K37: ✓ | L37: ✓ | M37: ✓ | N37: A Kion Cloud Rule creates an event rule and alarm that sends an SNS notification for S3 bucket policy changes. | O37: If you are using CloudTrail trails and CloudWatch, perform the following steps to set up the metric filter, alarm, SNS topic, and subscription: 1. Create a metric filter based on the provided filter pattern that checks for changes to S3 bucket policies and uses the <trail-log-group-name> taken from audit step 1: aws logs put-metric-filter --log-group-name <trail-log-group-name> -- filter-name <s3-bucket-policy-changes-metric> --metric-transformations metricName=<s3-bucket-policy-changes- metric>,metricNamespace='CISBenchmark',metricValue=1 --filter-pattern '{ ($.eventSource = s3.amazonaws.com) && (($.eventName = PutBucketAcl) || ($.eventName = PutBucketPolicy) || ($.eventName = PutBucketCors) || ($.eventName = PutBucketLifecycle) || ($.eventName = PutBucketReplication) || ($.eventName = DeleteBucketPolicy) || ($.eventName = DeleteBucketCors) || ($.eventName = DeleteBucketLifecycle) || ($.eventName = DeleteBucketReplication)) }' Note: You can choose your own metricName and metricNamespace strings. Using the same metricNamespace for all Foundations Benchmark metrics will group them together. 2. Create an SNS topic that the alarm will notify: aws sns create-topic --name <sns-topic-name> Note: You can execute this command once and then reuse the same topic for all monitoring alarms. Note: Capture the TopicArn that is displayed when creating the SNS topic in step 2. 3. Create an SNS subscription for the topic created in step 2: aws sns subscribe --topic-arn <sns-topic-arn> --protocol <sns-protocol> --notification-endpoint <sns-subscription-endpoints> Note: You can execute this command once and then reuse the same subscription for all monitoring alarms. 4. Create an alarm that is associated with the CloudWatch Logs metric filter created in step 1 and the SNS topic created in step 2: aws cloudwatch put-metric-alarm --alarm-name <s3-bucket-policy-changes- alarm> --metric-name <s3-bucket-policy-changes-metric> --statistic Sum --period 300 --threshold 1 --comparison-operator GreaterThanOrEqualToThreshold --evaluation-periods 1 --namespace 'CISBenchmark' --alarm-actions <sns-topic-arn>
A38: NETWORKING | B38: Ensure EBS volume encryption is enabled in all regions | C38: 6.1.1 | D38: Level 1 | E38: Elastic Compute Cloud (EC2) supports encryption at rest when using the Elastic Block Store (EBS) service. While disabled by default, forcing encryption at EBS volume creation is supported. Rationale: Encrypting data at rest reduces the likelihood of unintentional exposure and can nullify the impact of disclosure if the encryption remains unbroken. Impact: Losing access to or removing the KMS key used by the EBS volumes will result in the inability to access the volumes. | F38: AWS AWS Cloudformation Templates: - CIS-AWS-v7-DefaultEBSEncryption AWS Compliance Checks: - cis-aws-v7-account-default-ebs-encryption-not-enabled | G38: ✓ | J38: ✓ | K38: ✓ | L38: ✓ | M38: ✓ | N38: A Kion Cloud Rule enables EBS encryption by default in all regions and identifies accounts where it is not enabled. | O38: From Console: 1. Login to the AWS Management Console and open the Amazon EC2 console using https://console.aws.amazon.com/ec2/. 2. Under Account attributes, click Data protection and security. 3. Under EBS encryption, Click Manage. 4. Check the Enable box to default encryption. 5. Click Update EBS encryption. 6. Repeat for each region in which EBS volume encryption is not enabled by default. Note: EBS volume encryption is configured per region. From Command Line: 1. Run the following command: aws --region <region> ec2 enable-ebs-encryption-by-default 2. Verify that "EbsEncryptionByDefault": true is displayed. 3. Repeat for each region in which EBS volume encryption is not enabled by default. Note: EBS volume encryption is configured per region.
